 Dungeon Crawl Stone Soup version 0.31-a0-968-g24f9ace8b5 (webtiles) character file.

Game seed: 4866812083685325186

1202796 Flugkiller the Petrodigitator (level 27, -7/176 (193) HPs)
             Began as a Deep Elf Fire Elementalist on Oct 26, 2023.
             Was the Champion of Vehumet.
             Killed from afar by a salamander tyrant (9 damage)
             ... with a flame surge
             ... on level 1 of Gehenna on Oct 27, 2023.
             The game lasted 04:12:35 (119941 turns).

Flugkiller the Petrodigitator (DEFE)              Turns: 119941, Time: 04:12:36

HP:   -7/176 (193)  AC: 16    Str:  5    XL:     27
MP:   54/63         EV: 39    Int: 55    God:    Vehumet [******]
Gold: 14898         SH:  0    Dex: 28    Spells: 5/76 levels left

rFire   + . .        b - staff "Kolosm" {rF- rN+++ Will+ Int+3 Earth}
rCold   + + +        G - orb {*channel}
rNeg    + + +        Z - +0 steam dragon scales "Seqipol" {Str+4 Int+8 Dex+5 Stlth-}
rPois   +            i - +2 hat {Int+3}
rElec   +            d - scarf {rC+ rF+}
rCorr   .            B - +0 pair of fencer's gloves {Riposte Dex+3}
SInv    +            f - +0 pair of boots of the Black Moon {Will++ Str-3 Dex+2 SInv}
Will    +++++        p - amulet "Ege Evih" {Acrobat rC+ MP+9 Str-4}
Stlth   ++++++       x - ring "Hedi Qoh" {rElec rC+ Str+3 Dex+3 SInv}
HPRegen 0.49/turn    s - ring of the Nightingale {rPois rF+ Will+ Int+6}
MPRegen 0.38/turn

%: acrobat, channel magic (20%)
@: weakened, studying 4 skills, drained, unable to read
A: horns 1, iridescent scales 2, noise suppression
}: 12/15 runes: decaying, slimy, silver, iron, icy, abyssal, demonic, glowing,
magical, fiery, dark, gossamer
a: Renounce Religion


You were on level 1 of Gehenna.
You worshipped Vehumet.
Vehumet was exalted by your worship.
You visited 16 branches of the dungeon, and saw 72 of its levels.
You visited Pandemonium 1 time, and saw 22 of its levels.
You visited the Abyss 5 times.
You visited 1 ziggurat, and saw 25 of its levels.
You also visited: Sewer, Ossuary, Bailey, Volcano and Wizlab.

You collected 17527 gold pieces.
You spent 2629 gold pieces at shops.

Inventory:

Hand Weapons
 o - the +6 Majin-Bo {spellvamp, MP+6 Int+6}
   (You found it on level 3 of the Depths)

   Int+6:     It affects your intelligence (+6).
   MP+6:      It affects your magic capacity (+6).
Missiles
 Q - 2 throwing nets
Armour
 d - a scarf of resistance (worn)
   (You found it on level 4 of the Spider Nest)
 f - the +0 pair of boots of the Black Moon (worn) {Will++ Str-3 Dex+2 SInv}
   (You found it on level 1 of the Vaults)

   Str-3:     It affects your strength (-3).
   Dex+2:     It affects your dexterity (+2).
   Will++:    It greatly increases your willpower.
   SInv:      It lets you see invisible.
 i - a +2 hat of intelligence (worn)
   (You found it on level 4 of the Spider Nest)
 B - the +0 pair of fencer's gloves (worn) {Riposte Dex+3}
   (You found it on level 7 of a ziggurat)

   Riposte:   It allows the wearer to riposte with melee weapons, swiftly
   retaliating against missed or blocked melee attacks.
   Dex+3:     It affects your dexterity (+3).
 G - an orb of energy (worn)
   (You found it on level 1 of the Vaults)
 Z - the +0 steam dragon scales "Seqipol" (worn) {Str+4 Int+8 Dex+5 Stlth-}
   (You acquired it on level 13 of the Dungeon)

   Str+4:     It affects your strength (+4).
   Int+8:     It affects your intelligence (+8).
   Dex+5:     It affects your dexterity (+5).
   Stlth-:    It makes you less stealthy.
Magical Staves
 a - the staff "Erchuoc" {rF+ MP+9 SInv Fire}
   (You found it in Pandemonium)

   [staff of fire]

   Base accuracy: +5 Base damage: 5 Base attack delay: 1.2 This weapon's minimum
   attack delay (0.6) is reached at skill level 12.
   rF+:       It protects you from fire.
   MP+9:      It affects your magic capacity (+9).
   SInv:      It lets you see invisible.
   Fire:      It increases the power of your Fire spells.
   It falls into the 'Staves' category.
   It is a one-handed weapon.
 b - the staff "Kolosm" (weapon) {rF- rN+++ Will+ Int+3 Earth}
   (You found it in Pandemonium)

   [staff of earth]

   Base accuracy: +5 Base damage: 5 Base attack delay: 1.2 This weapon's minimum
   attack delay (0.6) is reached at skill level 12.
   Int+3:     It affects your intelligence (+3).
   rF-:       It makes you vulnerable to fire.
   rN+++:     It renders you almost immune to negative energy.
   Will+:     It increases your willpower.
   Earth:     It increases the power of your Earth spells.
   It falls into the 'Staves' category.
   It is a one-handed weapon.
 C - the staff of Kownimy {rElec rC+ rCorr Str-5 Air}
   (You found it in Pandemonium)

   [staff of air]

   Base accuracy: +5 Base damage: 5 Base attack delay: 1.2 This weapon's minimum
   attack delay (0.6) is reached at skill level 12.
   Str-5:     It affects your strength (-5).
   rC+:       It protects you from cold.
   rElec:     It insulates you from electricity.
   rCorr:     It protects you from acid and corrosion.
   Air:       It increases the power of your Air spells.
   It falls into the 'Staves' category.
   It is a one-handed weapon.
Jewellery
 j - the ring "Ulyleaz" {rElec rPois rN+ MP+9}
   (You found it on level 24 of a ziggurat)

   [ring of magical power]

   rElec:     It insulates you from electricity.
   rPois:     It protects you from poison rN+: It protects you from negative
   energy.
   MP+9:      It affects your magic capacity (+9).
 p - the amulet "Ege Evih" (around neck) {Acrobat rC+ MP+9 Str-4}
   (You found it on level 17 of a ziggurat)

   [amulet of the acrobat]

   Acrobat:   It increases your evasion while moving and waiting.
   Str-4:     It affects your strength (-4).
   rC+:       It protects you from cold.
   MP+9:      It affects your magic capacity (+9).
 s - the ring of the Nightingale (right hand) {rPois rF+ Will+ Int+6}
   (You found it on level 4 of the Dungeon)

   [ring of intelligence]

   Int+6:     It affects your intelligence (+6).
   rF+:       It protects you from fire.
   rPois:     It protects you from poison Will+: It increases your willpower.
 x - the ring "Hedi Qoh" (left hand) {rElec rC+ Str+3 Dex+3 SInv}
   (You found it on level 5 of the Pits of Slime)

   [ring of see invisible]

   Str+3:     It affects your strength (+3).
   Dex+3:     It affects your dexterity (+3).
   rC+:       It protects you from cold.
   rElec:     It insulates you from electricity.
   SInv:      It lets you see invisible.
 L - the amulet "Sugoscho" {Fragile rElec rC+++ Regen+}
   (You found it on level 17 of a ziggurat)

   [amulet of regeneration]

   rC+++:     It renders you almost immune to cold.
   rElec:     It insulates you from electricity.
   Regen+:    It increases your rate of health regeneration.
   Fragile:   It will be destroyed if unequipped.
 N - the ring of the Zealous Apricot {Fire Int+5 Dex+3}
   (You found it on level 17 of a ziggurat)

   [ring of fire]

   Fire:      It enhances your fire magic.
   Int+5:     It affects your intelligence (+5).
   Dex+3:     It affects your dexterity (+3).
   rF+:       It protects you from fire.
   rC-:       It makes you vulnerable to cold.
 P - the ring of Ufyor {rF+ rN+ MP+9 Int+3 Stlth-}
   (You found it on level 23 of a ziggurat)

   [ring of positive energy]

   Int+3:     It affects your intelligence (+3).
   rF+:       It protects you from fire.
   rN+:       It protects you from negative energy.
   MP+9:      It affects your magic capacity (+9).
   Stlth-:    It makes you less stealthy.
Wands
 u - a wand of roots (73)
   (You took it off Pikel on level 4 of the Dungeon)
 K - a wand of quicksilver (54)
   (You took it off an orc warrior on level 8 of the Dungeon)
 S - a wand of digging (68)
   (You found it on level 1 of the Lair of Beasts)
 X - a wand of charming (123)
   (You found it on level 3 of the Dungeon)
Scrolls
 g - 11 scrolls of revelation
 l - 27 scrolls of fog
 r - 14 scrolls of enchant armour
 t - 49 scrolls of teleportation
 y - 9 scrolls of poison
 z - 10 scrolls of blinking
 H - 12 scrolls of vulnerability
 I - 8 scrolls of immolation
 V - 7 scrolls of fear
 Y - 3 scrolls of summoning
Potions
 c - 9 potions of invisibility
 e - 4 potions of brilliance
 h - 4 potions of haste
 k - 32 potions of mutation
 n - 4 potions of resistance
 q - 32 potions of curing
 w - 9 potions of heal wounds
 A - 3 potions of ambrosia
 F - 3 potions of cancellation
 M - 8 potions of enlightenment
 O - 12 potions of lignification
 T - 6 potions of magic
 W - 7 potions of attraction
Miscellaneous
 v - the horn of Geryon
   (You took it off Geryon in the Vestibule of Hell)
 D - a condenser vane
   (You found it on level 5 of the Lair of Beasts)
 E - a phial of floods
   (You found it on level 5 of the Vaults)
 J - a phantom mirror
   (You found it on level 5 of the Vaults)
 R - a lightning rod (4/4)
   (You found it on level 2 of the Crypt)
 U - a box of beasts
   (You found it on level 2 of the Lair of Beasts)


   Skills:
 + Level 25.1 Fighting
 - Level 11.0 Armour
 + Level 25.3 Dodging
 - Level 15.0 Stealth
 - Level 5.0 Shields
 + Level 25.4 Spellcasting
 - Level 23.0 Conjurations
 - Level 23.0 Fire Magic
 - Level 23.0 Air Magic
 O Level 27 Earth Magic
 - Level 22.0 Evocations
 - Level 23.0 Shapeshifting


You had 5 spell levels left.
You knew the following spells:

 Your Spells              Type           Power      Damage    Failure   Level
b - Scorch                Fire           100%       2d9       1%          2
c - Fire Storm            Conj/Fire      72%        8d18      1%          9
d - Shatter               Erth           89%        3d64*     1%          9
e - Lehudib's Crystal Sp  Conj/Erth      87%        10d19     1%          8
f - Starburst             Conj/Fire      72%        6d19      1%          6
g - Lee's Rapid Deconstr  Erth           89%        3d39*     1%          5
h - Orb of Destruction    Conj           72%        9d17      1%          7
i - Ignition              Fire           72%        3d19      1%          8
j - Maxwell's Capacitive  Air            72%        ∞         1%          8
k - Chain Lightning       Conj/Air       72%        3d96      1%          9

Your spell library contained the following spells:

 Spells                   Type           Power      Damage    Failure   Level
 Apportation              Tloc           100%       N/A       1%          1
 Foxfire                  Conj/Fire      100%       2x1d9     1%          1
 Freeze                   Ice            100%       1d10      1%          1
 Magic Dart               Conj           100%       1d8       1%          1
 Necrotise                Necr           100%       1d9       1%          1
 Sandblast                Erth           100%       2d20      1%          1
 Shock                    Conj/Air       100%       1d9       1%          1
 Slow                     Hex            100%       N/A       1%          1
 Sting                    Tmut/Pois      100%       1d8       1%          1
 Summon Small Mammal      Summ           100%       N/A       1%          1
 Cigotuvi's Dreadful Rot  Necr/Pois/Air  100%       N/A       1%          2
 Momentum Strike          Conj/Tloc      100%       3d10      1%          2
 Passwall                 Tmut/Erth      100%       N/A       1%          2
 Poisonous Vapours        Pois/Air       100%       N/A       1%          2
 Searing Ray              Conj           100%       2d8       1%          2
 Static Discharge         Conj/Air       100%       3-8/arc   1%          2
 Dazzling Flash           Conj/Hex       100%       N/A       1%          3
 Frozen Ramparts          Ice            100%       1d16      1%          3
 Hailstorm                Conj/Ice       100%       3d20      1%          3
 Ignite Poison            Fire/Tmut/Pois 100%       N/A       1%          3
 Inner Flame              Hex/Fire       100%       N/A       1%          3
 Mephitic Cloud           Conj/Pois/Air  100%       N/A       1%          3
 Stone Arrow              Conj/Erth      100%       3d13      1%          3
 Swiftness                Air            100%       N/A       1%          3
 Volatile Blastmotes      Fire/Tloc      100%       2d18      1%          3
 Airstrike                Air            72%        2d(11-27) 1%          4
 Animate Armour           Summ/Erth      100%       N/A       1%          4
 Brom's Barrelling Bould  Conj/Erth      100%       2d11      1%          4
 Flame Wave               Conj/Fire      100%       2d21      1%          4
 Fulminant Prism          Conj/Hex       57%        3d25      1%          4
 Iskenderun's Mystic Bla  Conj/Tloc      100%       2d19      1%          4
 Leda's Liquefaction      Hex/Erth       72%        N/A       1%          4
 Olgreb's Toxic Radiance  Pois           63%        N/A       1%          4
 Petrify                  Tmut/Erth      100%       N/A       1%          4
 Sticky Flame             Conj/Fire      100%       2d11      1%          4
 Summon Lightning Spire   Summ/Air       100%       N/A       1%          4
 Vhi's Electric Charge    Tloc/Air       100%       N/A       1%          4
 Arcjolt                  Conj/Air       72%        1d82      1%          5
 Borgnjor's Vile Clutch   Necr/Erth      72%        N/A       1%          5
 Fireball                 Conj/Fire      72%        3d27      1%          5
 Freezing Cloud           Conj/Ice/Air   63%        6-21      1%          5
 Irradiate                Conj/Tmut      57%        3d30      1%          5
 Iskenderun's Battlesphe  Conj           100%       2d15      1%          5
 Silence                  Hex/Air        57%        N/A       1%          5
 Blink                    Tloc           100%       N/A       2%          2
 Call Imp                 Summ           100%       N/A       2%          2
 Ensorcelled Hibernation  Hex/Ice        100%       N/A       2%          2
 Jinxbite                 Hex            100%       N/A       2%          2
 Lesser Beckoning         Tloc           100%       N/A       2%          2
 Sublimation of Blood     Necr           63%        N/A       2%          2
 Wereblood                Tmut           63%        N/A       2%          2
 Call Canine Familiar     Summ           63%        N/A       3%          3
 Confusing Touch          Hex            63%        N/A       3%          3
 Gell's Gravitas          Tloc           63%        N/A       3%          3
 Ozocubu's Armour         Ice            63%        N/A       3%          3
 Sigil of Binding         Hex            63%        N/A       3%          3
 Summon Guardian Golem    Hex/Summ       63%        N/A       3%          3
 Teleport Other           Tloc           63%        N/A       3%          3
 Tukima's Dance           Hex            63%        N/A       3%          3
 Vampiric Draining        Necr           63%        2d10      3%          3
 Yara's Violent Unravell  Hex/Tmut       31%        3d13      3%          5
 Anguish                  Hex/Necr       31%        N/A       6%          4
 Animate Dead             Necr           63%        N/A       6%          4
 Cause Fear               Hex            31%        N/A       6%          4
 Dimensional Bullseye     Hex/Tloc       31%        N/A       6%          4
 Dispel Undead            Necr           63%        3d22      6%          4
 Manifold Assault         Tloc           63%        N/A       6%          4
 Passage of Golubria      Tloc           63%        N/A       6%          4
 Summon Ice Beast         Ice/Summ       63%        N/A       6%          4
 Agony                    Necr           63%        N/A       12%         5
 Alistair's Intoxication  Tmut/Pois      42%        N/A       12%         5
 Metabolic Englaciation   Hex/Ice        31%        N/A       12%         5
 Summon Mana Viper        Hex/Summ       63%        N/A       12%         5
 Bombard                  Conj/Erth      87%        9d14      1%          6
 Conjure Ball Lightning   Conj/Air       72%        3x3d27    1%          6
 Plasma Beam              Fire/Air       72%        2x1d89    1%          6
 Spellforged Servitor     Conj/Summ      57%        N/A       1%          7
 Eringya's Noxious Bog    Tmut/Pois      31%        4d6       12%         6
 Death Channel            Necr           31%        N/A       41%         6
 Dispersal                Tloc           31%        N/A       41%         6
 Simulacrum               Ice/Necr       31%        N/A       41%         6
 Summon Cactus Giant      Summ           31%        N/A       41%         6
 Ozocubu's Refrigeration  Ice            31%        4d14      41%         7
 Enfeeble                 Hex            31%        N/A       88%         7
 Malign Gateway           Summ/Tloc      31%        N/A       88%         7
 Monstrous Menagerie      Summ           31%        N/A       88%         7
 Summon Hydra             Summ           31%        N/A       88%         7
 Discord                  Hex            31%        N/A       100%        8
 Disjunction              Tloc           31%        N/A       100%        8
 Infestation              Necr           31%        N/A       100%        8
 Summon Horrible Things   Summ           31%        N/A       100%        8
 Dragon's Call            Summ           31%        N/A       100%        9
 Polar Vortex             Ice            31%        12d4*     100%        9


Dungeon Overview and Level Annotations

Branches:
Dungeon (15/15) Zot: 21619  Temple (1/1) D:5 Zot: 5972    Lair (5/5) D:10 Zot: 19619
  Swamp (4/4) Lair:2 Zot: 18929  Spider (4/4) Lair:3 Zot: 17254   Slime (5/5) Lair:4 Zot: 25455
    Orc (2/2) D:12 Zot: 9598     Elf (3/3) Orc:2 Zot: 12282  Vaults (5/5) D:13 Zot: 17436
  Crypt (3/3) Vaults:2 Zot: 13946    Tomb (0/3) Crypt:3      Depths (4/4) D:15 Zot: 15587
   Hell (visited)             Dis (7/7) Hell Zot: 26994     Geh (1/7) Hell Zot: 26994
    Coc (7/7) Hell Zot: 26994     Tar (0/7) Hell            Zot (5/5) Depths:4 Zot: 22476
  Sewer (visited)         Ossuary (visited)          Bailey (visited)
Volcano (visited)          WizLab (visited)

Altars:
Ashenzari
Cheibriados
Dithmenos
Elyvilon
Fedhas
Gozag
Hepliaklqana
Kikubaaqudgha
Makhleb
Nemelex Xobeh
Okawaru
Qazlal
Ru
Sif Muna
Trog
Uskayaw
Vehumet
Wu Jian
Xom
Yredelemnul
Zin
The Shining One
Jiyva

Shops:
D:13 *!**:   D:14 ?   Orc:2 :([[(   Elf:2 *   Elf:3 =:::   Vaults:1 *
Vaults:3 ?   Vaults:5 [   Zot:5 *   Depths:1 *[   Depths:2 :   Depths:3 :

Portals:
Hell: Depths:1 Depths:2 Depths:3 Depths:4
Abyss: Depths:3 Depths:4
Pandemonium: Depths:2

Annotations:
D:5 2 runed translucent doors, Azuregosa's ghost, novice OpDe
D:7 3 runed translucent doors, qborf's ghost, novice TrSh
D:9 2 transporters, senseless's ghost, novice GnFi
D:12 1 runed translucent door, Qelymm's ghost, journeyman TrBe
Lair:1 2 transporters
Elf:2 3 runed translucent doors
Zot:4 3 runed translucent doors, Heisao's ghost, legendary TrBe


Innate Abilities, Weirdness & Mutations

You have a pair of small horns on your head.
You are mostly covered in iridescent scales. (AC +4)
You passively dampen the noise of your surroundings.


Message History

You start resting.
Magic restored.
You start waiting.
Done waiting.
There is an open door here.
There is a huge open gate here.
There is a huge open gate here.
You see here a +0 flail.
You see here a +0 flail.
Key pressed, stopping explore.
Done exploring.
Done exploring.
Unknown command.
What level of Gehenna? (default 1, ? - help)
You see here a +0 flail.
There is a gateway leading out of Dis here.
You go up through the gate.
Welcome back to the Vestibule of Hell!
There is a gateway to the Iron City of Dis here.
There is an open door here.
There is a gateway to the ashen valley of Gehenna here.
You go down through the gate.
Your scrolls appear blurry in the acrid smoke.
This branch contains the obsidian rune of Zot.
You smell brimstone.
HP restored.
You feel drained.
There is a gateway leading out of Gehenna here.
There are monsters nearby!
Unknown command.
Casting: Lehudib's Crystal Spear (mildly dangerous; 1% risk of failure)
Confirm with . or Enter, or press ? or * to list all spells.
Lightning arcs from your hands!
The bolt of lightning hits the hellion!!!!
You kill the hellion!
Vehumet accepts your kill.
You feel your power returning.
The bolt of lightning hits the fire giant!!!!
The fire giant is almost dead.
The bolt of lightning hits you. You resist.
The bolt of lightning hits the salamander tyrant!!!!
You kill the salamander tyrant!
Vehumet accepts your kill.
You feel your power returning.
The bolt of lightning hits the salamander tyrant!!!
The salamander tyrant is almost dead.
The bolt of lightning hits the fire giant!!!
The fire giant is heavily wounded.
The fire giant shouts!
You hear a shout!
A balrug comes into view.
It is wielding a +3 demon whip of electrocution.
The fire giant points at you and mumbles some strange words.
The fireball explodes!
The fireball engulfs you!! You resist.
The balrug shouts!
Casting: Chain Lightning (dangerous; 1% risk of failure)
Confirm with . or Enter, or press ? or * to list all spells.
Lightning arcs from your hands!
The bolt of lightning hits the salamander tyrant!!!
You kill the salamander tyrant!
Vehumet accepts your kill. The bolt of lightning hits you. You resist.
A balrug comes into view.
It is wielding a +0 demon whip of electrocution.
The salamander tyrant gazes fiercely through you!
You feel your attacks grow feeble.
Casting: Chain Lightning (dangerous; 1% risk of failure)
Confirm with . or Enter, or press ? or * to list all spells.
Lightning arcs from your hands!
The bolt of lightning hits the fire giant!!!!
You kill the fire giant!
Vehumet accepts your kill.
You feel your power returning.
The bolt of lightning hits the fire giant!!!
The fire giant is almost dead.
The bolt of lightning hits the balrug!!!!
You kill the balrug!
Vehumet accepts your kill.
You feel your power returning. The bolt of lightning hits you! You resist.
A salamander tyrant comes into view.
The salamander tyrant gazes fiercely through you!
You feel as though you will be weak longer.
Casting: Chain Lightning (dangerous; 1% risk of failure)
Confirm with . or Enter, or press ? or * to list all spells.
Lightning arcs from your hands!
The bolt of lightning hits the fire giant!!!!
You kill the fire giant!
Vehumet accepts your kill.
You feel your power returning. The bolt of lightning hits you. You resist.
The salamander tyrant calls gouts of flame from the lava!
The flame surge hits you!! You resist.
The salamander tyrant rends the earth beneath you!
The blast of magma engulfs you!! You partially resist.
The salamander tyrant calls gouts of flame from the lava!
The flame surge hits you! You resist.
* * * LOW HITPOINT WARNING * * *
Unknown command.
The salamander tyrant gazes fiercely through you!
You feel as though you will be weak longer.
The salamander tyrant rends the earth beneath you!
The blast of magma engulfs you!!! You partially resist.
* * * LOW HITPOINT WARNING * * *
The salamander tyrant calls gouts of flame from the lava!
The flame surge hits you! You resist.
You die...

≈..N.^..N...≈ .
≈.).......≈ ^
.≈ ≈.......≈ ≈.
..≈#≈.....2#≈..
≈.#N≈≈.).≈≈≈#.≈
#≈..≈≈≈.≈≈≈..≈#
#≈.†.≈≈.N..≈#
#≈..≈@≈..≈#
##≈≈≈#≈≈≈##
#### ####


You could see a balrug and 4 salamander tyrants.

Vanquished Creatures
  Cerebov (Pan)
  15 pandemonium lords
  Antaeus (Coc:7)
  the Royal Jelly (Slime:5)
  Dissolution (Slime:3)
  Gloorx Vloq (Pan)
  the Serpent of Hell (Dis:7)
  Mnoleg (Pan)
  Lom Lobon (Pan)
  A seraph (Pan)
  Dispater (Dis:7)
  12 dread liches
  Tiamat (Zot:2)
  13 ancient liches
  5 orbs of fire
  3 juggernauts
  4 royal mummies (Dis:1)
  21 shard shrikes
  18 Killer Klowns
  Saint Roka (Orc:2)
  Boris (Vaults:5)
  Margery (Vaults:2)
  Xtahua (Crypt:1)
  Geryon (Hell)
  15 golden dragons
  14 caustic shrikes
  Norris (Vaults:1)
  4 profane servitors
  Jory (Crypt:3)
  Nikola (Elf:1)
  2 pearl dragons (Pan)
  9 bone dragons
  3 doom hounds (Depths:4)
  12 Brimstone Fiends
  4 electric golems
  18 iron giants
  17 hellephants
  32 Ice Fiends
  23 Hell Sentinels
  14 tentacled monstrosities
  3 deep elf blademasters
  24 Orb Guardians
  Grunn (Depths:4)
  20 searing wretches
  13 liches
  Asterion (Vaults:1)
  9 sphinxes
  9 acid blobs
  17 titans
  18 Executioners
  7 deep elf master archers
  10 death cobs
  7 quicksilver dragons
  A sphinx (shapeshifter) (Zig:18)
  Frances (D:13)
  26 ancient champions
  9 tentacled starspawn
  6 draconian monks
  Kirke (Lair:5)
  2 thorn hunters (Swamp:4)
  12 shadow dragons
  A tengu reaver (Zig:13)
  6 storm dragons
  A fenstrider witch (Zig:5)
  2 nagarajas (Zig:12)
  2 azure jellies (shapeshifter)
  A fenstrider witch (shapeshifter) (Zig:15)
  16 daevas (Pan)
  7 draconian knights
  12 azure jellies
  5 deep elf sorcerers
  9 revenants
  9 rockslimes
  4 emperor scorpions
  18 ghost moths
  10 frost giants
  6 demonspawn warmongers (Pan)
  13 quicksilver elementals
  15 narguns
  2 iron dragons
  13 vault wardens
  6 draconian scorchers
  17 fire giants
  6 deep elf elementalists
  50 balrugs
  An emperor scorpion (shapeshifter) (Vaults:5)
  10 shard shrike simulacra
  Louise (D:15)
  4 draconian shifters
  7 ghouls
  4 curse skulls
  17 cacodemons
  A formless jellyfish (shapeshifter) (Zig:18)
  24 angels (Pan)
  4 draconian stormcallers
  18 quicksilver oozes
  12 demonspawn blood saints (Pan)
  16 ironbound preservers
  13 orc warlords
  7 demonspawn corrupters
  35 war gargoyles
  14 reapers
  17 stone giants
  4 draconian annihilators
  7 deep elf demonologists
  19 very ugly things
  7 formless jellyfish
  11 demonspawn black suns
  12 ophanim (Pan)
  28 apis (Pan)
  10 ironbound thunderhulks
  14 vampire knights
  8 eleionomae
  8 green draconians
  Azrael (Elf:1)
  27 elemental wellsprings
  7 black draconians
  6 yellow draconians
  15 lorocyprocas
  A spark wasp (shapeshifter) (Zig:15)
  17 dire elephants
  7 white draconians
  14 wendigos
  10 red draconians
  6 bunyips
  4 spark wasps
  7 ettins
  25 purple draconians
  An ettin (shapeshifter) (Vaults:5)
  16 deep elf annihilators
  22 blizzard demons
  16 eidola
  9 statues (WizLab)
  4 crystal guardians
  7 jiangshi
  10 deep elf death magi
  7 entropy weavers
  6 mummy priests (Dis:1)
  Josephine (D:11)
  22 iron golems
  3 merfolk javelineers
  10 fire dragons
  17 green deaths
  2 kraken zombies (Hell)
  An elf zombie (Crypt:3)
  17 yaktaur captains
  13 deep elf high priests
  10 great orbs of eyes
  33 vault guards
  5 shambling mangroves
  A spriggan zombie (Crypt:3)
  6 salamander tyrants
  5 hell beasts
  4 rakshasas
  A peacekeeper (Vaults:4)
  2 quicksilver dragon skeletons (Crypt:3)
  Erolcha (D:13)
  6 caustic shrike simulacra
  6 jorogumos
  2 ghost crabs (Zig:20)
  42 hydras
  6 catoblepae
  9 ice dragons
  3 anacondas
  An ice dragon (shapeshifter) (Zig:18)
  4 ironbound frosthearts
  2 radroaches
  2 stokers
  11 alligators
  4 anacondas (shapeshifter)
  8 spriggan air magi
  9 juggernaut simulacra
  5 ogre magi
  16 boulder beetles
  9 two-headed ogres
  23 dancing weapons
  17 centaur warriors
  3 satyrs (Abyss:4)
  34 demonic crawlers
  10 death yaks
  16 hell hogs
  9 deep troll shamans
  3 naga warriors
  6 spriggan berserkers
  4 tengu warriors
  2 death knights (Crypt:2)
  Urug (Lair:3)
  18 thrashing horrors
  11 deep troll earth magi
  29 hell knights
  19 vampire magi
  A sphinx skeleton (Depths:1)
  13 orc high priests
  Nergalle (Lair:3)
  108 sun demons
  8 shock serpents
  5 naga sharpshooters
  7 occultists
  11 crystal echidnas
  9 deep elf knights
  5 iron trolls
  10 spriggans
  A titan skeleton (Crypt:3)
  6 skysharks
  39 soul eaters
  2 death drakes (Zig:20)
  24 skeletal warriors
  5 sun moths
  7 fire crabs
  3 quicksilver dragon simulacra
  20 sixfirhies
  13 shadow wraiths
  11 wretched stars
  6 pharaoh ants
  A spark wasp zombie (Depths:1)
  13 cherubim (Pan)
  11 goliath frogs
  19 swamp dragons
  4 spatial maelstroms
  11 spriggan druids
  61 deep trolls
  4 shadow demons
  2 naga ritualists (Zig:12)
  7 spriggan simulacra
  2 anaconda zombies
  10 orb spiders
  A fenstrider witch simulacrum (Coc:1)
  2 bog bodies
  3 obsidian statues
  9 flayed ghosts
  A tengu zombie (Depths:1)
  2 orange crystal statues (Zig:7)
  40 starcursed masses
  6 harpies
  5 glowing orange brains
  23 ironbound convokers
  A bunyip skeleton (Crypt:3)
  10 arcanists
  Pikel (D:4)
  26 orc knights
  7 deep elf archers
  33 deep elf pyromancers
  6 steelbarb worms
  7 lindwurms
  A steelbarb worm (shapeshifter) (Zig:18)
  15 necromancers
  A spectral hydra (Swamp:4)
  21 wolf spiders
  16 phantasmal warriors
  An alligator zombie (Hell)
  2 anaconda skeletons (Volcano)
  A shining eye (shapeshifter) (Zig:13)
  A wolf spider (shapeshifter) (Zig:4)
  An iron dragon zombie (Crypt:3)
  5 shining eyes
  22 deep elf zephyrmancers
  A shadow dragon skeleton (Crypt:3)
  45 ugly things
  3 fauns (shapeshifter)
  3 will-o-the-wisps
  21 cyclopes
  2 mana vipers
  5 orc sorcerers
  7 worldbinders
  17 moths of wrath
  9 manticores
  3 oklob plants (Swamp:4)
  A salamander (Zig:12)
  A formless jellyfish zombie (Crypt:2)
  13 black mambas
  Maurice (D:11)
  A stone giant skeleton (Pan)
  9 elephants
  A rust devil (Pan)
  41 smoke demons
  2 molten gargoyles (Depths:2)
  11 naga magi
  2 guardian serpents (Zig:6)
  5 titan simulacra
  21 cane toads
  11 apocalypse crabs
  14 ice statues
  4 gargoyles
  A shock serpent skeleton (Crypt:1)
  3 eyes of devastation
  14 vault sentinels
  A torpor snail (shapeshifter) (Zig:13)
  13 torpor snails
  20 hellions
  22 orange demons
  A centaur skeleton (Pan)
  3 unseen horrors
  23 efreet
  5 ice devils (Pan)
  4 rime drakes
  27 komodo dragons
  A kobold demonologist (D:12)
  A rime drake (shapeshifter) (Vaults:5)
  14 tormentors
  A komodo dragon (shapeshifter) (D:15)
  27 yaktaurs
  A sea snake skeleton (Hell)
  23 tengu conjurers
  6 anaconda simulacra
  A golden dragon simulacrum (Coc:6)
  8 freezing wraiths
  An iron giant simulacrum (Coc:6)
  An iron troll zombie (Crypt:1)
  6 hydra zombies
  11 ancient zymes
  14 meliai
  2 death drake zombies (Swamp:4)
  A minotaur skeleton (Pan)
  A yellow draconian skeleton (Crypt:1)
  A harpy zombie (Crypt:2)
  28 hellwings
  A polar bear (Lair:5)
  21 hornets
  8 red devils
  13 trolls
  A tarantella (shapeshifter) (Zig:18)
  2 harpy skeletons
  8 raiju
  27 tarantellas
  3 bloated husks
  10 tyrant leeches
  A merfolk (shapeshifter) (Zig:13)
  A hydra skeleton (Hell)
  4 glass eyes
  Prince Ribbit (Bailey)
  A dream sheep (Zig:22)
  A glass eye (shapeshifter) (Zig:13)
  41 blink frogs
  A dream sheep (shapeshifter) (Vaults:5)
  83 slime creatures
  34 jumping spiders
  2 death drake skeletons (Swamp:4)
  5 stone giant simulacra
  4 air elementals
  A fire giant simulacrum (Depths:1)
  A jumping spider (shapeshifter) (Zig:18)
  15 culicivoras
  37 flying skulls
  13 dire elephant simulacra
  Sigmund (D:4)
  An ettin skeleton (Pan)
  3 wyverns
  A black mamba zombie (Crypt:2)
  9 water elementals
  43 yaks
  15 wraiths
  12 basilisks
  32 ynoxinuls
  20 humans
  35 fire elementals
  A golden eye (shapeshifter) (Zig:15)
  3 alligator snapping turtle simulacra
  An ushabti (Dis:1)
  A yak (shapeshifter) (Zig:10)
  3 hogs (Lair:5)
  2 sea snake simulacra (Hell)
  A fire bat (Abyss:1)
  26 neqoxecs
  6 golden eyes
  11 chaos spawn
  2 steam dragons (D:8)
  44 redbacks
  10 vampire mosquitoes
  16 swamp worms
  2 nagas
  An ogre zombie (Vaults:4)
  2 acid dragons
  A glowing shapeshifter zombie (Vaults:4)
  16 wargs
  13 harpy simulacra
  4 small abominations (Abyss:3)
  Duvessa (D:4)
  13 hell hounds
  9 hydra simulacra
  A merfolk skeleton (Crypt:1)
  18 water moccasins
  A water nymph skeleton (Crypt:2)
  11 swamp drakes
  An ettin simulacrum (Coc:1)
  71 orc warriors
  A deep troll simulacrum (Vaults:4)
  An ice beast (D:5)
  4 sky beasts
  Pargi (Sewer)
  36 large abominations
  A fire dragon simulacrum (Depths:2)
  An ice dragon simulacrum (Coc:1)
  4 black mamba simulacra (Depths:2)
  3 black bears
  17 ogres
  19 wolves
  2 boggarts (Depths:2)
  2 swamp dragon zombies (Swamp:4)
  15 centaurs
  A snapping turtle skeleton (Crypt:2)
  A phantom (D:7)
  A lemure (D:3)
  A rime drake skeleton (Crypt:1)
  A kobold brigand (Sewer)
  10 necrophages
  A yaktaur zombie (Crypt:2)
  26 bullfrogs
  A gnoll sergeant (D:10)
  A bullfrog (shapeshifter) (D:15)
  3 earth elementals
  5 scorpions
  A komodo dragon skeleton (Crypt:1)
  9 wights
  Dowan (D:4)
  7 killer bees (D:9)
  2 electric eels
  7 howler monkeys
  2 centaur zombies
  2 human zombies (Ossuary)
  A lava snake (Depths:2)
  2 jellies
  28 orc priests
  3 hounds
  A gnoll bouda (D:7)
  An iron imp (Pan)
  17 hell rats
  A sleepcap (D:4)
  A human skeleton (Crypt:2)
  3 iguanas
  26 orc wizards
  4 lightning spires (Depths:2)
  A killer bee zombie (Crypt:1)
  2 naga skeletons (Volcano)
  5 mummies (Ossuary)
  Robin (D:4)
  11 gnolls
  9 adders
  3 naga simulacra
  2 white imps (D:8)
  2 ufetubi (D:7)
  A worm (D:2)
  3 dart slugs
  96 orcs
  2 bats (D:3)
  5 endoplasms
  6 giant cockroaches
  A gnoll zombie (Ossuary)
  23 goblins
  12 hobgoblins
  10 kobolds
  2 quokkas
  8 ball pythons
  7 frilled lizards
  A goblin zombie (Ossuary)
  A hobgoblin skeleton (Crypt:1)
  A hobgoblin zombie (Ossuary)
  A kobold zombie (Ossuary)
  An orc zombie (Ossuary)
  4 rats
  A rat zombie (Crypt:1)
  2 lurking horrors
  2 spectral weapons (Zig:18)
  6 starspawn tentacles
  A tentacle (Hell)
4372 creatures vanquished.

Vanquished Creatures (collateral kills)
  An ancient lich (Zot:5)
  A Killer Klown (Zot:5)
  A golden dragon (Zot:2)
  Arachne (Spider:4)
  An Orb Guardian (Zot:5)
  2 Ice Fiends (Coc:7)
  A quicksilver dragon (Zot:2)
  A titan (Coc:6)
  An Executioner (Pan)
  A sphinx (Vaults:4)
  An ancient champion (Zig:24)
  A storm dragon (Zot:5)
  A draconian monk (Zot:4)
  A frost giant (shapeshifter) (Zig:15)
  2 vault wardens
  3 frost giants
  A reaper (Pan)
  An angel (Pan)
  2 ophanim (Pan)
  A very ugly thing (Depths:3)
  2 deep elf demonologists
  A starcursed mass (Zig:23)
  2 yellow draconians
  3 apis (Pan)
  An ice dragon (shapeshifter) (Zig:18)
  3 vault guards
  A skeletal warrior (Crypt:2)
  2 iron trolls
  A sixfirhy (Pan)
  A deep troll (Vaults:3)
  An orb spider (Spider:4)
  A wolf spider (Spider:4)
  A moth of wrath (Zot:2)
  A naga mage (Depths:2)
  A smoke demon (Pan)
  An orange demon (Pan)
  A naga skeleton (Pan)
  A yaktaur (Vaults:5)
  A tengu conjurer (Depths:2)
  A hellwing (Pan)
  A raiju (Zig:17)
  3 ynoxinuls (Pan)
  A water elemental (Depths:1)
  A golden eye (Zig:17)
  A neqoxec (Pan)
  A chaos spawn (Zig:18)
  A harpy simulacrum (Coc:6)
  A scorpion (shapeshifter) (Vaults:5)
  A naga simulacrum (Coc:7)
  A komodo dragon skeleton (Crypt:2)
  11 foxfires
75 creatures vanquished.

Vanquished Creatures (others)
  A thorn hunter (Zig:5)
  A draconian scorcher (Zot:3)
  An elemental wellspring (Coc:4)
  A green death (Pan)
  A shambling mangrove (Zig:20)
  An anaconda (shapeshifter) (Depths:2)
  2 occultists (Pan)
  A quicksilver dragon simulacrum (Coc:3)
  A shadow demon (Pan)
  A swamp dragon (Zig:5)
  2 smoke demons (Pan)
  A bloated husk (Zig:20)
  A hellwing (Pan)
  A water elemental (Zig:19)
  A human (Lair:5)
  1339 fire vortices
  1595 foxfires
  12 starspawn tentacles
  7 tentacles (Hell)
2970 creatures vanquished.

Grand Total: 7417 creatures vanquished

Notes
Turn   | Place    | Note
-------+----------+-------------------------------------------
     0 | D:1      | Flugkiller the Deep Elf Fire Elementalist began the quest
                  | for the Orb.
     0 | D:1      | Reached XP level 1. HP: 10/10 MP: 6/6
   207 | D:1      | Reached XP level 2. HP: 15/15 MP: 4/8
   838 | D:2      | Reached XP level 3. HP: 18/19 MP: 4/9
   841 | D:2      | Learned a level 2 spell: Scorch
  1758 | D:3      | Found a glowing drain.
  1864 | Sewer    | Entered a sewer
  1891 | Sewer    | Reached XP level 4. HP: 24/24 MP: 7/11
  1983 | Sewer    | Noticed Pargi
  1988 | Sewer    | Killed Pargi
  1989 | Sewer    | Reached XP level 5. HP: 23/28 MP: 1/13
  2085 | Sewer    | Reached skill level 5 in Fire Magic
  2430 | D:3      | Found a broken altar of Ashenzari.
  2514 | D:3      | Found a snail-covered altar of Cheibriados.
  2517 | D:3      | Found a white marble altar of Elyvilon.
  2520 | D:3      | Found an iron altar of Okawaru.
  3028 | D:4      | Noticed Dowan
  3046 | D:4      | Reached XP level 6. HP: 32/32 MP: 11/14
  3278 | D:4      | Noticed Sigmund
  3278 | D:4      | Noticed Pikel
  3428 | D:4      | Identified the ring of the Nightingale {rPois rF+ Will+
                  | Int+6}
  3437 | D:4      | Learned a level 3 spell: Inner Flame
  3526 | D:4      | Reached skill level 5 in Spellcasting
  3549 | D:4      | Killed Pikel
  3550 | D:4      | Reached skill level 1 in Fighting
  3550 | D:4      | Reached skill level 5 in Conjurations
  3550 | D:4      | Reached XP level 7. HP: 27/38 MP: 2/17
  3820 | D:4      | Killed Sigmund
  3821 | D:4      | Reached XP level 8. HP: 44/44 MP: 2/19
  3823 | D:4      | Noticed Robin
  3968 | D:4      | Killed Robin
  4189 | D:4      | Noticed Duvessa
  4239 | D:4      | Killed Duvessa
  4264 | D:4      | Killed Dowan
  4402 | D:5      | Entered Level 5 of the Dungeon
  4579 | D:5      | Found a stormy altar of Qazlal.
  4629 | D:5      | Found a runed translucent door.
  4630 | D:5      | Noticed Azuregosa's ghost (novice OpDe)
  4725 | D:5      | Reached skill level 1 in Evocations
  4728 | D:5      | Found a staircase to the Ecumenical Temple.
  4748 | Temple   | Entered the Ecumenical Temple
  4762 | Temple   | Became a worshipper of Vehumet
  4936 | D:5      | Found a runed translucent door.
  4946 | D:5      | Noticed a troll
  5093 | D:5      | Identified the +2 tower shield of Dithmenos's Delight
                  | {Str+4 Slay+2 Stlth+}
  5124 | D:5      | Found a glowing golden altar of the Shining One.
  5232 | D:5      | Killed a troll
  5392 | D:5      | Found the +5 woodcutter's axe
  5794 | D:6      | Reached XP level 9. HP: 49/49 MP: 11/21
  6272 | D:7      | Learned a level 4 spell: Flame Wave
  6273 | D:7      | Noticed a purple ugly thing
  6281 | D:7      | Killed a purple ugly thing
  6311 | D:7      | Found a sparkling altar of Nemelex Xobeh.
  6354 | D:7      | Found a sand-covered staircase.
  6359 | Ossuary  | Entered an ossuary
  6895 | D:7      | Noticed a komodo dragon
  6896 | D:7      | Noticed qborf's ghost (novice TrSh)
  6898 | D:7      | Found a runed translucent gate.
  6898 | D:7      | Found a runed translucent gate.
  6898 | D:7      | Found a runed translucent gate.
  7414 | D:7      | Found a hazy altar of Hepliaklqana.
  7774 | D:8      | Reached * piety under Vehumet
  7774 | D:8      | Offered knowledge of Kiss of Death by Vehumet.
  7789 | D:8      | Reached XP level 10. HP: 30/56 MP: 4/24
  7912 | D:8      | Found a flagged portal.
  7921 | Bailey   | Entered a bailey
  7935 | Bailey   | Reached skill level 5 in Dodging
  8156 | Bailey   | Noticed a vault guard
  8160 | Bailey   | Reached skill level 10 in Fire Magic
  8173 | Bailey   | Killed a vault guard
  8377 | Bailey   | Noticed a vault guard
  8377 | Bailey   | Noticed Prince Ribbit
  8384 | Bailey   | Killed Prince Ribbit
  8423 | Bailey   | Killed a vault guard
  8424 | Bailey   | Reached skill level 10 in Conjurations
  8912 | D:8      | Reached ** piety under Vehumet
  8914 | D:8      | Offered knowledge of Static Discharge by Vehumet.
  9155 | D:8      | Found a hide-covered altar of Uskayaw.
  9283 | D:9      | Reached XP level 11. HP: 51/61 MP: 22/26
  9390 | D:9      | Found a transporter.
  9391 | D:9      | Noticed senseless's ghost (novice GnFi)
  9539 | D:9      | Noticed an arcanist
  9544 | D:9      | Found a transporter.
 10115 | D:10     | Entered Level 10 of the Dungeon
 10559 | D:10     | Offered knowledge of Frozen Ramparts by Vehumet.
 10639 | D:10     | Reached skill level 10 in Spellcasting
 10815 | D:10     | Found a staircase to the Lair.
 11315 | D:11     | Reached *** piety under Vehumet
 11759 | D:11     | Noticed a deep elf zephyrmancer
 11764 | D:11     | Noticed a deep elf zephyrmancer
 12020 | D:11     | Noticed a deep elf zephyrmancer
 12077 | Lair:1   | Entered Level 1 of the Lair of Beasts
 12244 | Lair:1   | Found a transporter.
 12687 | Lair:1   | Noticed a boulder beetle
 12708 | Lair:1   | Killed a boulder beetle
 12708 | Lair:1   | Offered knowledge of Sticky Flame by Vehumet.
 12773 | Lair:1   | Learned a level 4 spell: Sticky Flame
 12822 | Lair:1   | Reached XP level 12. HP: 55/67 MP: 17/28
 12897 | Lair:1   | Found a transporter.
 13701 | Lair:2   | Found a staircase to the Swamp.
 13712 | Lair:2   | Noticed a seven-headed hydra
 13743 | Lair:2   | Killed a seven-headed hydra
 13744 | Lair:2   | Reached skill level 5 in Fighting
 14058 | Lair:2   | Reached skill level 5 in Evocations
 14059 | Lair:2   | Reached **** piety under Vehumet
 14186 | Lair:2   | Noticed a death yak
 14295 | Lair:2   | Noticed a death yak
 14295 | Lair:2   | Noticed a death yak
 14328 | Lair:2   | Killed a death yak
 14336 | Lair:2   | Noticed a death yak
 14337 | Lair:2   | Noticed a death yak
 14337 | Lair:2   | Killed a death yak
 14338 | Lair:2   | Reached skill level 1 in Shields
 14934 | Lair:2   | Offered knowledge of Lee's Rapid Deconstruction by Vehumet.
 15214 | Lair:3   | Learned a level 5 spell: Lee's Rapid Deconstruction
 15236 | Lair:3   | Reached skill level 1 in Earth Magic
 15288 | Lair:3   | Noticed Urug
 15301 | Lair:3   | Killed Urug
 15302 | Lair:3   | Reached skill level 2 in Earth Magic
 15368 | Lair:3   | Reached skill level 3 in Earth Magic
 15407 | Lair:3   | Found a dark tunnel.
 15506 | Volcano  | Entered a volcano
 15657 | Volcano  | Reached skill level 4 in Earth Magic
 15661 | Volcano  | Reached XP level 13. HP: 29/74 MP: 3/30
 15901 | Volcano  | Reached skill level 5 in Earth Magic
 16047 | Volcano  | Reached skill level 6 in Earth Magic
 16425 | Lair:3   | Reached skill level 7 in Earth Magic
 16439 | Lair:3   | Noticed Nergalle
 16624 | Lair:3   | Found a hole to the Spider Nest.
 16797 | Lair:3   | Killed Nergalle
 17226 | Lair:4   | Reached skill level 8 in Earth Magic
 17497 | Lair:4   | Found a viscous altar of Jiyva.
 17497 | Lair:4   | Found a staircase to the Slime Pits.
 17529 | Lair:4   | Reached skill level 9 in Earth Magic
 18007 | Lair:4   | Reached skill level 10 in Earth Magic
 19367 | Lair:5   | Entered Level 5 of the Lair of Beasts
 19769 | Lair:5   | Reached skill level 5 in Shields
 19859 | Lair:5   | Reached ***** piety under Vehumet
 19862 | Lair:5   | Offered knowledge of Eringya's Noxious Bog by Vehumet.
 20214 | Lair:5   | Noticed Kirke
 20225 | Lair:5   | Noticed a sphinx
 20306 | Lair:5   | Killed Kirke
 20324 | Lair:5   | Reached XP level 14. HP: 64/80 MP: 11/31
 23195 | D:11     | Noticed Josephine
 23206 | D:11     | Killed Josephine
 23539 | D:11     | Noticed Maurice
 23551 | D:11     | Killed Maurice
 23727 | D:12     | Found a runed translucent door.
 23728 | D:12     | Noticed Qelymm's ghost (journeyman TrBe)
 23729 | D:12     | Identified the +4 trident of Doors {speed, Int+2}
 23995 | D:12     | Reached skill level 15 in Fire Magic
 24247 | D:12     | Found a staircase to the Orcish Mines.
 24748 | D:13     | Found Jonorih's Assorted Antiques.
 24785 | D:13     | Bought a bubbling inky potion for 27 gold pieces
 24829 | D:13     | Found Xysi's Book Boutique.
 24838 | D:13     | Bought a book of Fire for 480 gold pieces
 24845 | D:13     | Learned a level 6 spell: Starburst
 24845 | D:13     | Bought the Unrestrained Analects for 690 gold pieces
 24883 | D:13     | Found Kicroz's General Store.
 24908 | D:13     | Found Ziumaife's Distillery.
 24917 | D:13     | Bought a potion of heal wounds for 55 gold pieces
 24917 | D:13     | Bought a potion of resistance for 110 gold pieces
 24917 | D:13     | Bought a potion of enlightenment for 55 gold pieces
 24988 | D:13     | Reached XP level 15. HP: 48/86 MP: 16/33
 25111 | D:13     | Found Heisiom's Assorted Antiques.
 25403 | D:13     | Found a gate to the Vaults.
 25407 | D:13     | Reached skill level 10 in Dodging
 25408 | D:13     | Reached skill level 15 in Conjurations
 25505 | D:13     | Noticed Frances
 25513 | D:13     | Killed Frances
 26593 | D:13     | Noticed Erolcha
 26816 | D:13     | Killed Erolcha
 27224 | D:13     | You are sucked into a shaft and drop 2 floors!
 27224 | D:15     | Entered Level 15 of the Dungeon
 27379 | D:15     | Offered knowledge of Yara's Violent Unravelling by Vehumet.
 27416 | D:15     | Noticed Louise
 27421 | D:15     | Killed Louise
 28456 | D:14     | Found Ydgho's Magic Scroll Shop.
 28576 | D:14     | Found a shimmering altar of Xom.
 28583 | D:14     | Found a shimmering altar of Xom.
 28583 | D:14     | Found a shimmering altar of Xom.
 28583 | D:14     | Found a shimmering altar of Xom.
 28583 | D:14     | Found a shimmering altar of Xom.
 28971 | D:13     | Identified a scroll of acquirement
 29267 | D:13     | Noticed a fire giant
 29280 | D:13     | Killed a fire giant
 29445 | D:13     | Identified the +0 long sword of Disintegration {flame,
                  | Str+2}
 29446 | D:13     | Identified the +1 flail "Gufaha Numi" {protect, rC++ Int+3}
 29460 | D:13     | Identified the +3 quarterstaff of Quaffoe {heavy, *Rage
                  | rElec Str+3 Dex+2}
 29482 | D:13     | Identified the +2 swamp dragon scales of the Pink Corner
                  | {rPois rN+++ Str-5 Int+5 Dex-3}
 29491 | D:13     | Identified the of Buquj (You acquired it on level 13 of
                  | the Dungeon)
 29491 | D:13     | Acquired 1262 gold pieces
 29493 | D:13     | Acquired the +0 steam dragon scales "Seqipol" {Str+4 Int+8
                  | Dex+5 Stlth-}
 29791 | D:15     | Reached XP level 16. HP: 83/93 MP: 34/36
 29847 | D:15     | Learned a level 8 spell: Ignition
 30075 | D:15     | Found a blossoming altar of Fedhas.
 30138 | D:15     | Found a staircase to the Depths.
 30842 | Orc:1    | Entered Level 1 of the Orcish Mines
 30843 | Orc:1    | Offered knowledge of Iskenderun's Battlesphere by Vehumet.
 31135 | Orc:2    | Entered Level 2 of the Orcish Mines
 31143 | Orc:2    | Found Buugaf's Weapon Boutique.
 31384 | Orc:2    | Noticed Saint Roka
 31599 | Orc:2    | Killed Saint Roka
 31880 | Orc:2    | Found Dapneill's Book Boutique.
 32129 | Orc:2    | Found Fulep Xico's Antique Armour Emporium.
 32132 | Orc:2    | Offered knowledge of Orb of Destruction by Vehumet.
 32139 | Orc:2    | Found Uhais's Antique Weapon Shoppe.
 32156 | Orc:2    | Bought a pair of glowing boots for 195 gold pieces
 32288 | Orc:2    | Learned a level 7 spell: Orb of Destruction
 32366 | Orc:2    | Found a staircase to the Elven Halls.
 32543 | Orc:2    | Found Zidgh's Armour Emporium.
 32723 | Orc:1    | Reached skill level 15 in Spellcasting
 33206 | Swamp:1  | Entered Level 1 of the Swamp
 34867 | Swamp:3  | Reached ****** piety under Vehumet
 35098 | Swamp:3  | Reached XP level 17. HP: 96/97 MP: 12/41
 35614 | Swamp:4  | Entered Level 4 of the Swamp
 35683 | Swamp:4  | Offered knowledge of Arcjolt by Vehumet.
 37699 | Swamp:4  | Found a blossoming altar of Fedhas.
 38035 | Swamp:4  | Got a decaying rune of Zot
 38155 | Swamp:4  | Found a basalt altar of Yredelemnul.
 38299 | Spider:1 | Entered Level 1 of the Spider Nest
 38402 | Spider:1 | Offered knowledge of Bombard by Vehumet.
 38756 | D:13     | Bought a book of Armaments for 540 gold pieces
 39022 | D:14     | Bought a scroll of amnesia for 48 gold pieces
 39032 | D:14     | Learned a level 8 spell: Lehudib's Crystal Spear
 39124 | WizLab   | Identified the "Cagiur"
 39124 | WizLab   | Identified the "Wema"
 39124 | WizLab   | Identified the "Juangi"
 39124 | Crypt:2  | Identified the of Goidipt
 39124 | Depths:2 | Identified the of Ynanoy
 39124 | Depths:2 | Identified the of Sahelayr
 39124 | Depths:2 | Identified the "Ibireasa"
 39124 | Depths:2 | Identified the "Goxkol"
 39124 | Depths:2 | Identified the "Semuoh Quapt"
 39124 | Depths:2 | Identified the of Ephet
 39124 | Depths:2 | Identified the "Qatayr"
 39124 | Depths:2 | Identified the "Nosmain"
 39124 | Depths:2 | Identified the of Riessai
 39124 | Elf:1    | Entered Level 1 of the Elven Halls
 39641 | Elf:1    | Noticed Nikola
 39651 | Elf:1    | Killed Nikola
 39652 | Elf:1    | Reached skill level 10 in Fighting
 39697 | Elf:1    | Noticed Azrael
 39704 | Elf:1    | Killed Azrael
 40387 | Elf:2    | Found Neole's Assorted Antiques.
 40740 | Elf:2    | Noticed a sphinx
 40742 | Elf:2    | Killed a sphinx
 41109 | Elf:2    | Reached XP level 18. HP: 94/108 MP: 10/44
 41494 | Elf:2    | Found a runed translucent gate.
 41494 | Elf:2    | Found a runed translucent gate.
 41494 | Elf:2    | Found a runed translucent gate.
 41727 | Elf:3    | Entered Level 3 of the Elven Halls
 41733 | Elf:3    | Offered knowledge of Maxwell's Capacitive Coupling by
                  | Vehumet.
 41831 | Elf:2    | Learned a level 8 spell: Maxwell's Capacitive Coupling
 42352 | Elf:3    | Found Babanuvu's Book Boutique.
 42686 | Elf:3    | Found Peneciel's Book Shop.
 42688 | Elf:3    | Found Qutabuo's Jewellery Shoppe.
 42689 | Elf:3    | Found Joujyf Rugou's Book Shop.
 43183 | Elf:3    | Identified the +1 robe of Toreamy {Dex+4}
 43740 | Elf:3    | Identified the +2 leather armour of Watchfulness {Int+3}
 43740 | Elf:3    | Identified the amulet of Curiosity {Spirit Str+4}
 43921 | Elf:3    | Identified the +1 robe "Itugu" {rF- rN+ Int+5}
 43926 | Elf:3    | Identified the +6 short sword of Vookewuos {heavy, Will++}
 44552 | Elf:3    | Identified the staff of Catuw {rN+ Stlth+ Necro}
 44557 | Elf:3    | Identified the staff of Unreason {rElec rPois Will+++ Str-2
                  | Necro Poison}
 44561 | Elf:3    | Identified the +5 sling of the Terrible God {heavy, Dex+3}
 44873 | Vaults:1 | Entered Level 1 of the Vaults
 45443 | Vaults:1 | Offered knowledge of Fire Storm by Vehumet.
 45443 | Vaults:1 | Offered knowledge of Shatter by Vehumet.
 45443 | Vaults:1 | Offered knowledge of Polar Vortex by Vehumet.
 45550 | D:13     | Learned a level 9 spell: Fire Storm
 45682 | Vaults:1 | Noticed Norris
 45689 | Vaults:1 | Killed Norris
 45809 | Vaults:1 | Identified the +4 flail of the Sage {flame, Fly rPois Str-4
                  | Stlth+}
 45809 | Vaults:1 | Noticed Asterion
 45817 | Vaults:1 | Killed Asterion
 46432 | Vaults:1 | Found Ariy's General Store.
 46439 | Vaults:1 | Bought a potion of mutation for 136 gold pieces
 46812 | Vaults:1 | Identified the +0 pair of boots of the Black Moon {Will++
                  | Str-3 Dex+2 SInv}
 47226 | Vaults:1 | Reached XP level 19. HP: 105/114 MP: 29/45
 51500 | Spider:4 | Entered Level 4 of the Spider Nest
 52121 | Spider:4 | Noticed Arachne
 52240 | Spider:4 | Identified the +3 scale mail of Compression {rPois Int+3
                  | Dex+5 Slay-5}
 52417 | Spider:4 | Killed Arachne
 53391 | Spider:4 | Acquired 732 gold pieces
 53951 | Spider:4 | Got a gossamer rune of Zot
 54293 | Slime:1  | Entered Level 1 of the Pits of Slime
 54299 | Slime:1  | Reached XP level 20. HP: 120/120 MP: 22/46
 55515 | Slime:3  | Gained mutation: You are dopey. (Int -2) [a shining eye]
 55646 | Slime:4  | Noticed Dissolution
 55654 | Slime:3  | Killed Dissolution
 56046 | Slime:5  | Entered Level 5 of the Pits of Slime
 56185 | Slime:5  | Noticed the Royal Jelly
 57270 | Slime:5  | Killed the Royal Jelly
 57431 | Slime:5  | Found the amulet of the Air {Inacc Air Fly rElec RMsl}
 57437 | Slime:5  | Identified the "Quduhyi" (You acquired it on level 5 of
                  | the Pits of Slime)
 57437 | Slime:5  | Acquired 1099 gold pieces
 57443 | Slime:5  | Identified the +4 ring mail of the Sky {rF- rC+++ rCorr
                  | Int+3}
 57458 | Slime:5  | Identified the +1 leather armour of Uddosin {Int+6 Dex+3}
 57477 | Slime:5  | Identified the +3 ring mail "Ukkiolas" {*Corrode Regen+
                  | SInv}
 57480 | Slime:5  | Identified the ring "Hedi Qoh" {rElec rC+ Str+3 Dex+3 SInv}
 57511 | Slime:5  | Got a slimy rune of Zot
 57514 | Slime:5  | Upgraded the game from 0.31-a0-965-g8a8ce12e04 to
                  | 0.31-a0-968-g24f9ace8b5
 58551 | Vaults:2 | Noticed Margery
 58554 | Vaults:2 | Killed Margery
 59297 | Vaults:2 | Found a staircase to the Crypt.
 59398 | Vaults:2 | Identified the +0 ring mail of Protective Custody {Contam
                  | +Inv rElec rF+}
 59598 | Vaults:2 | Reached XP level 21. HP: 77/124 MP: 40/47
 60435 | Vaults:3 | Found Jemniaba's Magic Scroll Boutique.
 60441 | Vaults:3 | Bought a scroll of teleportation for 48 gold pieces
 61848 | Vaults:3 | Reached skill level 1 in Armour
 64240 | Vaults:4 | Noticed a golden dragon
 64700 | Depths:1 | Entered Level 1 of the Depths
 64702 | Depths:1 | Reached skill level 15 in Dodging
 65128 | Depths:1 | Reached XP level 22. HP: 132/132 MP: 19/48
 65439 | Depths:1 | Found Odwow's Specialty Armours.
 65459 | Depths:1 | Reached skill level 5 in Armour
 65712 | Depths:1 | Found a gateway to Hell.
 65782 | Depths:1 | Found Zimnuwos's General Store.
 65790 | Depths:1 | Bought a potion of magic for 176 gold pieces
 66306 | Depths:2 | Found Vixoczil's Book Shoppe.
 66584 | Depths:2 | Found a shimmering blue altar of Sif Muna.
 66736 | Depths:2 | Noticed an ancient lich
 66738 | Depths:2 | Killed an ancient lich
 66739 | Depths:2 | Noticed an ancient lich
 66740 | Depths:2 | Killed an ancient lich
 68618 | Depths:2 | Found a one-way gate leading to the halls of Pandemonium.
 69514 | Depths:3 | Found Nuempec's Tiny Tomes.
 70029 | Depths:3 | Reached XP level 23. HP: 142/142 MP: 47/50
 70051 | Depths:3 | Found the +6 Majin-Bo {spellvamp, MP+6 Int+6}
 70224 | Depths:3 | Found a one-way gate to the infinite horrors of the Abyss.
 70275 | Depths:3 | Found a one-way gateway to a ziggurat.
 70917 | Depths:4 | Entered Level 4 of the Depths
 71315 | Depths:4 | Noticed a dread lich
 71447 | Depths:4 | Reached skill level 11 in Earth Magic
 71615 | Depths:4 | Found a gate to the Realm of Zot.
 71964 | Depths:4 | Noticed Grunn
 71965 | Depths:4 | Killed Grunn
 72149 | Depths:4 | Found a sparkling altar of Nemelex Xobeh.
 72932 | Zot:1    | Entered Level 1 of the Realm of Zot
 73038 | Zot:1    | Reached skill level 12 in Earth Magic
 73385 | Zot:1    | Reached skill level 13 in Earth Magic
 73602 | Zot:2    | Found the +4 dragonskin cloak
 73602 | Zot:2    | Noticed Tiamat
 73604 | Zot:2    | Reached skill level 14 in Earth Magic
 74054 | Zot:2    | Reached skill level 15 in Earth Magic
 74148 | Zot:2    | Killed Tiamat
 75010 | Zot:2    | Reached skill level 16 in Earth Magic
 75773 | Zot:3    | Reached XP level 24. HP: 107/148 MP: 42/50
 76306 | Zot:3    | Reached skill level 17 in Earth Magic
 77010 | Zot:4    | Found a runed translucent gate.
 77010 | Zot:4    | Found a runed translucent gate.
 77010 | Zot:4    | Found a runed translucent gate.
 77012 | Zot:4    | Noticed Heisao's ghost (legendary TrBe)
 77172 | Zot:4    | Reached skill level 18 in Earth Magic
 77652 | Zot:5    | Entered Level 5 of the Realm of Zot
 77843 | Zot:5    | Found Ehal's CLEARANCE SALE!.
 77878 | Zot:5    | Bought a scroll of teleportation for 21 gold pieces
 78417 | D:14     | Bought a scroll of amnesia for 48 gold pieces
 78428 | D:14     | Learned a level 9 spell: Shatter
 78908 | Zot:5    | Reached skill level 19 in Earth Magic
 79020 | Zot:5    | Noticed a dread lich
 79022 | Zot:5    | Killed a dread lich
 79273 | Zot:5    | Noticed an ancient lich
 79281 | Zot:5    | Noticed an orb of fire
 79286 | Zot:5    | Killed an orb of fire
 79520 | Zot:5    | Killed an ancient lich
 79581 | Zot:5    | Reached skill level 20 in Earth Magic
 79685 | Zot:5    | Reached skill level 10 in Evocations
 79702 | Zot:5    | Noticed a Killer Klown
 79704 | Zot:5    | Killed a Killer Klown
 79788 | Zot:5    | Noticed a dread lich
 79790 | Zot:5    | Killed a dread lich
 79855 | Zot:5    | Noticed a dread lich
 79858 | Zot:5    | Noticed a Killer Klown
 79860 | Zot:5    | Killed a dread lich
 79861 | Zot:5    | Noticed a dread lich
 79869 | Zot:5    | Killed a Killer Klown
 79879 | Zot:5    | Killed a dread lich
 80055 | Zot:5    | Noticed a dread lich
 80056 | Zot:5    | Noticed an orb of fire
 80058 | Zot:5    | Killed a dread lich
 80060 | Zot:5    | Killed an orb of fire
 80061 | Zot:5    | Reached skill level 15 in Fighting
 80126 | Zot:5    | Noticed a dread lich
 80129 | Zot:5    | Killed a dread lich
 80284 | Zot:5    | Reached XP level 25. HP: 157/157 MP: 48/51
 80286 | Zot:5    | Noticed an ancient lich
 80288 | Zot:5    | Killed an ancient lich
 80318 | Zot:5    | Noticed a Killer Klown
 80320 | Zot:5    | Killed a Killer Klown
 81223 | Vaults:5 | Entered Level 5 of the Vaults
 81256 | Vaults:5 | Reached skill level 1 in Air Magic
 81290 | Vaults:5 | Noticed Boris
 81292 | Vaults:5 | Killed Boris
 81763 | Vaults:5 | Noticed an ancient lich
 81765 | Vaults:5 | Killed an ancient lich
 81766 | Vaults:5 | Reached skill level 5 in Air Magic
 81920 | Vaults:5 | Identified the ring of the Failed Coup {rN+ Int+2}
 81946 | Vaults:5 | Identified the ring "Muphegy" {rPois rCorr}
 81980 | Vaults:5 | Noticed an ancient lich
 81983 | Vaults:5 | Killed an ancient lich
 82132 | Vaults:5 | Identified the +4 halberd "Daovea Iwuq" {venom, rF- rC+
                  | rN++ Int+6}
 82447 | Vaults:5 | Identified the amulet "Pyriestu" {Spirit rF+ Str+4 SInv}
 82456 | Vaults:5 | Noticed an ancient lich
 82460 | Vaults:5 | Killed an ancient lich
 82638 | Vaults:5 | Found the +27 heavy crossbow "Sniper" {heavy, Acc+∞ SInv}
 82702 | Vaults:5 | Identified the +2 hand axe of the Original Sin {venom,
                  | rElec Int+3 Stlth+}
 82772 | Vaults:5 | Found Soclobik's Antique Armour Shoppe.
 82786 | Vaults:5 | Got a silver rune of Zot
 82800 | Vaults:5 | Noticed an ancient lich
 82803 | Vaults:5 | Killed an ancient lich
 83994 | Tomb:3   | Identified the of Onuiph
 83994 | Dis:7    | Identified the "Bamadgh"
 83994 | Dis:7    | Identified the "Lyfufub"
 83994 | Dis:7    | Identified the "Mitoz"
 83994 | Dis:7    | Identified the "Loniq"
 83994 | Dis:7    | Identified the "Teplat"
 83994 | Dis:7    | Identified the "Meoffom"
 83994 | Dis:7    | Identified the "Haupn"
 83994 | Geh:7    | Identified the of Etzuafec
 83994 | Pan      | Entered Pandemonium
 84225 | Pan      | Noticed Luuczot the pandemonium lord
 84229 | Pan      | Reached XP level 26. HP: 165/165 MP: 52/52
 84543 | Pan      | Killed Luuczot the pandemonium lord
 85998 | Pan      | Found a runed translucent door.
 86012 | Pan      | Got a demonic rune of Zot
 86909 | Pan      | Found an exit through the horrors of the Abyss.
 86919 | Pan      | Noticed Paiho the pandemonium lord
 86922 | Pan      | Killed Paiho the pandemonium lord
 87783 | Pan      | Noticed Roenohym the pandemonium lord
 87790 | Pan      | Killed Roenohym the pandemonium lord
 87952 | Pan      | Found a runed translucent door.
 87952 | Pan      | Found a runed translucent door.
 88004 | Pan      | Reached skill level 10 in Air Magic
 88780 | Pan      | Reached XP level 27. HP: 39/173 MP: 33/54
 89302 | Pan      | Noticed Uleinkecw the pandemonium lord
 89313 | Pan      | Killed Uleinkecw the pandemonium lord
 89647 | Pan      | Found an exit through the horrors of the Abyss.
 89683 | Pan      | Identified the "Diagoc"
 89807 | Pan      | Found a white marble altar of Elyvilon.
 89964 | Pan      | Identified the ring "Zackyt" {+Blink rF+ rC+ Stlth+}
 90673 | Pan      | Identified the +3 tower shield "Reso" {rCorr}
 90680 | Pan      | Found a glowing silver altar of Zin.
 91355 | Pan      | Reached skill level 15 in Evocations
 91373 | Pan      | Noticed a seraph
 91373 | Pan      | Killed a seraph
 91547 | Pan      | Found a glowing golden altar of the Shining One.
 91556 | Pan      | Identified the staff of Kownimy {rElec rC+ rCorr Str-5 Air}
 91569 | Pan      | Identified the +5 scimitar "Zososs" {drain, Drain rC+ Dex+5
                  | SInv}
 91572 | Pan      | Identified the staff "Erchuoc" {rF+ MP+9 SInv Fire}
 92718 | Pan      | Entered the realm of Gloorx Vloq.
 93259 | Pan      | Noticed Gloorx Vloq
 93263 | Pan      | Killed Gloorx Vloq
 93538 | Pan      | Got a dark rune of Zot
 93684 | Pan      | Entered the realm of Lom Lobon.
 94042 | Pan      | Reached skill level 15 in Air Magic
 94163 | Pan      | Noticed Lom Lobon
 94167 | Pan      | Killed Lom Lobon
 94233 | Pan      | Got a magical rune of Zot
 94292 | Pan      | Identified the "Pyck"
 94292 | Pan      | Identified the of Keull
 94292 | Pan      | Entered the realm of Cerebov.
 94511 | Pan      | Identified the ring "Witaqutt" {Fire Int+5 Slay+2}
 95537 | Pan      | Identified the +5 battleaxe "Ygan" {freeze, rPois Int+3}
 95537 | Pan      | Identified the ring of Nistruoj {EV+5 Dex+2}
 95887 | Pan      | Learned a level 9 spell: Chain Lightning
 96218 | Pan      | Found the +6 sword of Cerebov {flame}
 96218 | Pan      | Noticed Cerebov
 96228 | Pan      | Identified the +7 dire flail of Winter {freeze, rPois Str-3
                  | SInv}
 96358 | Pan      | Killed Cerebov
 96389 | Pan      | Identified the +0 ice dragon scales "Ditofad" {Harm Rampage
                  | rF- rC++ Dex-2 Stlth+}
 96407 | Pan      | Identified the +1 robe of Ignis's Pride {rElec Dex+5}
 96627 | Pan      | Identified the +2 pair of gloves of Leaves {rPois rC+++
                  | Int-3 Stlth+}
 96634 | Pan      | Identified the +6 chain mail "Nykloli" {Str+3 Int+2 Dex+3}
 96672 | Pan      | Identified the +9 flail of War {protect, Contam rC+++ Int-4
                  | SInv}
 96674 | Pan      | Identified the +8 orcbow "Dofov" {heavy, rPois rF+ MP+9}
 96677 | Pan      | Identified the staff "Kolosm" {rF- rN+++ Will+ Int+3 Earth}
 96737 | Pan      | Got a fiery rune of Zot
 96855 | Pan      | Entered the realm of Mnoleg.
 97055 | Pan      | Gained mutation: Your spells are a little easier to cast,
                  | but a little less powerful. [a cacodemon]
 97117 | Pan      | Noticed Mnoleg
 97128 | Pan      | Killed Mnoleg
 97134 | Pan      | Gained mutation: You are frail. (-10% HP) [a neqoxec]
 97138 | Pan      | Gained mutation: You are agile. (Dex +4, Str/Int -1) [a
                  | neqoxec]
 97313 | Pan      | Got a glowing rune of Zot
 97652 | Pan      | Noticed Orhuih the pandemonium lord
 97695 | Pan      | Noticed Zacs the pandemonium lord
 97701 | Pan      | Killed Zacs the pandemonium lord
 97730 | Pan      | Lost mutation: You are dopey. (Int -2) [potion of mutation]
 97730 | Pan      | Lost mutation: You are agile. (Dex +4, Str/Int -1) [potion
                  | of mutation]
 97730 | Pan      | Gained mutation: You have a pair of small horns on your
                  | head. [potion of mutation]
 97730 | Pan      | Lost mutation: You are frail. (-10% HP) [potion of
                  | mutation]
 97730 | Pan      | Gained mutation: You have a pair of horns on your head.
                  | [potion of mutation]
 97731 | Pan      | Lost mutation: You have a pair of horns on your head.
                  | [potion of mutation]
 97731 | Pan      | Lost mutation: You have a pair of small horns on your head.
                  | [potion of mutation]
 97731 | Pan      | Gained mutation: Your magical capacity is low. (-10% MP)
                  | [potion of mutation]
 97731 | Pan      | Gained mutation: You are partially covered in iridescent
                  | scales. (AC +2) [potion of mutation]
 97731 | Pan      | Gained mutation: Your body sometimes deteriorates upon
                  | taking damage. [potion of mutation]
 97732 | Pan      | Lost mutation: Your body sometimes deteriorates upon taking
                  | damage. [potion of mutation]
 97732 | Pan      | Lost mutation: Your spells are a little easier to cast, but
                  | a little less powerful. [potion of mutation]
 97732 | Pan      | Gained mutation: You sometimes lose your temper in combat.
                  | [potion of mutation]
 97732 | Pan      | Gained mutation: You have a pair of small horns on your
                  | head. [potion of mutation]
 97732 | Pan      | Gained mutation: You passively dampen the noise of your
                  | surroundings. [potion of mutation]
 97733 | Pan      | Lost mutation: You sometimes lose your temper in combat.
                  | [potion of mutation]
 97733 | Pan      | Lost mutation: Your magical capacity is low. (-10% MP)
                  | [potion of mutation]
 97733 | Pan      | Gained mutation: You are mostly covered in iridescent
                  | scales. (AC +4) [potion of mutation]
 98309 | Pan      | Reached skill level 5 in Stealth
 98420 | Pan      | Noticed Hyacups the pandemonium lord
 98424 | Pan      | Killed Hyacups the pandemonium lord
 98592 | Pan      | Noticed Kakaeh the pandemonium lord
 98594 | Pan      | Killed Kakaeh the pandemonium lord
 98616 | Pan      | Identified the ring "Ekhly" {rPois rN++ Dex-5}
 98744 | Pan      | Found an exit through the horrors of the Abyss.
 98801 | Pan      | Took an exit into the Abyss.
 98801 | Abyss:1  | Escaped into the Abyss
 98829 | Abyss:2  | Found a corrupted altar of Lugonu.
 98879 | Depths:2 | Escaped the Abyss
 99514 | Depths:3 | Voluntarily entered the Abyss.
 99553 | Abyss:3  | Found a corrupted altar of Lugonu.
 99609 | Depths:3 | Escaped the Abyss
 99611 | Depths:3 | Voluntarily entered the Abyss.
 99644 | Depths:3 | Escaped the Abyss
 99646 | Depths:3 | Voluntarily entered the Abyss.
 99674 | Abyss:3  | Found a corrupted altar of Lugonu.
 99679 | Abyss:3  | Found a corrupted altar of Lugonu.
 99679 | Abyss:3  | Found a corrupted altar of Lugonu.
 99731 | Abyss:3  | Reached skill level 10 in Stealth
 99930 | Abyss:3  | Found a corrupted altar of Lugonu.
 99948 | Depths:3 | Escaped the Abyss
 99963 | Depths:3 | Voluntarily entered the Abyss.
 99963 | Abyss:3  | Found a corrupted altar of Lugonu.
100064 | Abyss:4  | Got an abyssal rune of Zot
100093 | Depths:3 | Escaped the Abyss
100482 | Zig:1    | Entered Level 1 of a ziggurat
100593 | Zig:2    | Entered Level 2 of a ziggurat
100596 | Zig:2    | Reached skill level 1 in Shapeshifting
100627 | Zig:3    | Entered Level 3 of a ziggurat
100663 | Zig:4    | Entered Level 4 of a ziggurat
100710 | Zig:5    | Entered Level 5 of a ziggurat
100741 | Zig:6    | Entered Level 6 of a ziggurat
100747 | Zig:6    | Reached skill level 5 in Shapeshifting
100782 | Zig:7    | Identified the of Quos Vas
100782 | Zig:7    | Entered Level 7 of a ziggurat
100784 | Zig:7    | Noticed a juggernaut
100786 | Zig:7    | Noticed a juggernaut
100790 | Zig:7    | Killed a juggernaut
100908 | Zig:7    | Found the +0 pair of fencer's gloves {Riposte Dex+3}
100916 | Zig:7    | Identified the staff "Adoafyl" {rElec rN+ Str+4 Necro}
100927 | Zig:7    | Identified the staff of the Several Eyes {rN+ Will++ Str+3
                  | Necro}
100974 | Zig:8    | Entered Level 8 of a ziggurat
101023 | Zig:8    | Identified the ring of Metotuwuy {Wiz Str+2 SInv}
101048 | Zig:9    | Entered Level 9 of a ziggurat
101055 | Zig:9    | Found the +8 mithril axe "Arga" {speed, Will+}
101102 | Zig:9    | Identified the staff of Innocence {rPois Will+ Necro Earth}
101123 | Zig:10   | Identified the of Zohot
101123 | Zig:10   | Entered Level 10 of a ziggurat
101186 | Zig:11   | Entered Level 11 of a ziggurat
101199 | Zig:11   | Reached skill level 10 in Shapeshifting
101219 | Zig:11   | Identified the +3 sling of Femits {elec, *Corrode rN++
                  | Int+5}
101225 | Zig:11   | Identified the staff "Qeqoch" {rElec rC+ rN+ Will- rCorr
                  | Ice}
101229 | Zig:11   | Identified the ring of Tahui {Will+ rCorr Int+3 Dex-3}
101243 | Zig:11   | Identified the +1 hand axe "Ticuxomi" {flame, Will+}
101280 | Zig:12   | Entered Level 12 of a ziggurat
101382 | Zig:13   | Entered Level 13 of a ziggurat
101414 | Zig:13   | Identified the +7 scimitar of the Demagogue {heavy, Fly
                  | rN+}
101419 | Zig:13   | Acquired a book of Power
101421 | Zig:13   | Identified the "Zuwnel" (You acquired it on level 13 of a
                  | ziggurat)
101421 | Zig:13   | Acquired 910 gold pieces
101423 | Zig:13   | Identified the of Cuts (You acquired it on level 13 of a
                  | ziggurat)
101423 | Zig:13   | Acquired 1104 gold pieces
101437 | Zig:13   | Identified the +6 plate armour of Valour {Slay+2}
101456 | Zig:13   | Identified the +1 scale mail of Uskayaw's Displeasure
                  | {*Corrode +Inv rElec Int-2}
101493 | Zig:14   | Entered Level 14 of a ziggurat
101553 | Zig:14   | Identified the +2 triple sword "Koibis" {chaos, rPois rF+}
101561 | Zig:14   | Identified the amulet "Leneh" {Reflect rN+ Str+3 Int+3
                  | SH+5}
101572 | Zig:14   | Identified the +7 dagger "Keam Kicw" {spect, rElec rC+
                  | Str-5 Dex+3}
101617 | Zig:15   | Entered Level 15 of a ziggurat
101624 | Zig:15   | Noticed Qesitzol the pandemonium lord
101629 | Zig:15   | Killed Qesitzol the pandemonium lord
101629 | Zig:15   | Noticed Maecaunu the pandemonium lord
101631 | Zig:15   | Killed Maecaunu the pandemonium lord
101631 | Zig:15   | Noticed Houmuyll the pandemonium lord
101632 | Zig:15   | Killed Houmuyll the pandemonium lord
101632 | Zig:15   | Noticed Irraer the pandemonium lord
101639 | Zig:15   | Reached skill level 15 in Shapeshifting
101639 | Zig:15   | Killed Irraer the pandemonium lord
101797 | Zig:16   | Entered Level 16 of a ziggurat
101807 | Zig:16   | Noticed an orb of fire
101807 | Zig:16   | Noticed an orb of fire
101814 | Zig:16   | Killed an orb of fire
101815 | Zig:16   | Killed an orb of fire
101816 | Zig:16   | Noticed an orb of fire
101822 | Zig:16   | Killed an orb of fire
102062 | Zig:16   | Identified the +1 buckler of the Pit {Dex+3}
102072 | Zig:16   | Identified the ring of Xybbuj {*Corrode MP+9 Str+3 Dex+3}
102075 | Zig:16   | Identified the staff of Sulphur {*Corrode rF+ Dex+4 SInv
                  | Stlth+ Fire}
102092 | Zig:16   | Identified the +0 leather armour of Light {rElec Str+2}
102134 | Zig:17   | Identified the "Mocs"
102134 | Zig:17   | Entered Level 17 of a ziggurat
102169 | Zig:17   | Found the +8 longbow "Zephyr" {speed, Dex+3 SInv}
102176 | Zig:17   | Identified the amulet "Ege Evih" {Acrobat rC+ MP+9 Str-4}
102191 | Zig:17   | Identified the amulet "Sugoscho" {Fragile rElec rC+++
                  | Regen+}
102209 | Zig:17   | Identified the ring of the Zealous Apricot {Fire Int+5
                  | Dex+3}
102305 | Zig:18   | Identified the "Wiygodd"
102305 | Zig:18   | Entered Level 18 of a ziggurat
102337 | Zig:18   | Noticed Pynlin the pandemonium lord
102339 | Zig:18   | Noticed Ezxatel the pandemonium lord
102339 | Zig:18   | Killed Pynlin the pandemonium lord
102346 | Zig:18   | Noticed Toubearch the pandemonium lord
102347 | Zig:18   | Killed Ezxatel the pandemonium lord
102350 | Zig:18   | Killed Toubearch the pandemonium lord
102351 | Zig:18   | Noticed Laceryt the pandemonium lord
102355 | Zig:18   | Killed Laceryt the pandemonium lord
102567 | Zig:18   | Identified the +1 shortbow of Sopav {drain, Int+5 Dex-3
                  | SInv Stlth+}
102575 | Zig:18   | Identified the ring "Mabriw" {rF+ Int-5 Slay+6}
102618 | Zig:19   | Entered Level 19 of a ziggurat
102733 | Zig:19   | Identified the +2 robe of Parlour Games {Int+5}
102744 | Zig:19   | Identified the +3 trident of the Magi {spect, Contam rC+
                  | Int+4}
102769 | Zig:19   | Identified the +1 leather armour "Poymnahu" {Rampage SInv}
102772 | Zig:19   | Identified the +1 chain mail of Hangman {rN+}
102812 | Zig:20   | Entered Level 20 of a ziggurat
102996 | Zig:20   | Identified the +4 hand axe "Vyidus" {antimagic, +Blink
                  | Str+3 Int+2 Dex+2}
102999 | Zig:20   | Identified the +3 scale mail "Qiyx" {rPois Will+}
103002 | Zig:20   | Identified the ring "Gahaug" {Str+6 Int+6 Dex-4}
103009 | Zig:20   | Identified the +1 leather armour of Gluttony {Harm Int+2}
103015 | Zig:20   | Identified the +5 whip of Doiqul {chaos, Stlth+}
103018 | Zig:20   | Identified the +4 halberd of Jyh Eboosif {freeze, rPois
                  | rCorr Str-2}
103027 | Zig:20   | Identified the +5 dagger of Midsummer {venom, rF+ Str+3}
103031 | Zig:20   | Identified the +8 falchion "Utumex" {venom, Dex+3}
103050 | Zig:21   | Identified the of Saeskutso
103050 | Zig:21   | Identified the "Wam Jod"
103050 | Zig:21   | Entered Level 21 of a ziggurat
103112 | Zig:21   | Identified the staff of Anlavy Javu {rF+ rN+ Dex+2 SInv
                  | Fire}
103220 | Zig:22   | Identified the "Pico Biz"
103220 | Zig:22   | Identified the "Yhoe"
103220 | Zig:22   | Identified the "Siom"
103220 | Zig:22   | Entered Level 22 of a ziggurat
103346 | Zig:22   | Identified the +2 leather armour "Rywedoa" {rF+ Str+6}
103352 | Zig:22   | Identified the +1 leather armour of Okawaru, Writhing
                  | {rPois}
103365 | Zig:22   | Identified the +9 orcbow of the Immovable Emperors {freeze,
                  | rPois Will- Int+2}
103374 | Zig:22   | Identified the ring "Intell" {rCorr Str+2 Int-3 Dex+2
                  | Stlth+}
103377 | Zig:22   | Identified the staff of Eternal Vigilance {rCorr Earth}
103429 | Zig:23   | Entered Level 23 of a ziggurat
103461 | Zig:23   | Reached skill level 15 in Stealth
103543 | Zig:23   | Identified the ring of Ufyor {rF+ rN+ MP+9 Int+3 Stlth-}
103546 | Zig:23   | Identified the +1 plate armour of Stained Brilliance {rC+
                  | Slay+4}
103554 | Zig:23   | Identified the +13 crystal plate armour "Qicolafa" {Stlth+}
103561 | Zig:23   | Identified the +0 robe "Jadinlagao" {Harm rElec rF++ rC-}
103570 | Zig:23   | Identified the +2 sling of Uluag {antimagic, rN+ Int+7
                  | Dex-3 Stlth+}
103574 | Zig:23   | Identified the +5 spear "Goblinbane" {heavy, rN+ Will+
                  | Int-3 Dex+3}
103575 | Zig:23   | Identified the +0 chain mail of Amelioration {rC++}
103583 | Zig:23   | Identified the +4 war axe "Cuics" {flame, Fly}
103612 | Zig:24   | Entered Level 24 of a ziggurat
103632 | Zig:24   | Noticed a dread lich
103632 | Zig:24   | Noticed an ancient lich
103635 | Zig:24   | Killed an ancient lich
103635 | Zig:24   | Killed a dread lich
103642 | Zig:24   | Noticed a dread lich
103644 | Zig:24   | Reached skill level 10 in Armour
103644 | Zig:24   | Noticed an ancient lich
103645 | Zig:24   | Killed a dread lich
103646 | Zig:24   | Killed an ancient lich
103689 | Zig:24   | Identified the ring "Ulyleaz" {rElec rPois rN+ MP+9}
103696 | Zig:24   | Identified the +1 robe of the World {rF+ SInv}
103702 | Zig:24   | Identified the +0 war axe "Xanouz" {drain, rF+}
103791 | Zig:25   | Entered Level 25 of a ziggurat
103921 | Zig:25   | Found the +8 lance "Wyrmbane" {slay drac, rPois rF+ rC+
                  | AC+3}
103942 | Zig:25   | Identified the staff "Wetocixei" {rElec Will+ Stlth+ Air}
103954 | Zig:25   | Identified the ring "Xastry" {+Blink rF+ Str+2 Int+6 Dex+2}
104015 | Hell     | Entered the Vestibule of Hell
104015 | Hell     | Noticed Geryon
104022 | Hell     | Killed Geryon
104282 | Hell     | Found a gateway to the ashen valley of Gehenna.
104336 | Hell     | Found a gateway to the Iron City of Dis.
104430 | Hell     | Found a gateway to the freezing wastes of Cocytus.
104466 | Hell     | Found a gateway to the decaying netherworld of Tartarus.
104718 | Coc:1    | Entered Level 1 of Cocytus
104723 | Coc:1    | Noticed a dread lich
104726 | Coc:1    | Killed a dread lich
106354 | Coc:4    | Noticed an ancient lich
106356 | Coc:4    | Killed an ancient lich
106894 | Coc:5    | Reached skill level 21 in Earth Magic
107399 | Coc:7    | Entered Level 7 of Cocytus
107581 | Coc:7    | Noticed an ancient lich
107584 | Coc:7    | Killed an ancient lich
108555 | Coc:7    | Reached skill level 22 in Earth Magic
109388 | Coc:7    | Reached skill level 23 in Earth Magic
109470 | Coc:7    | Noticed Antaeus
109478 | Coc:7    | Killed Antaeus
109715 | Coc:7    | Identified the +0 leather armour of Afivaenas {Harm rPois
                  | rF+}
109725 | Coc:7    | Got an icy rune of Zot
109783 | Coc:7    | Identified the +1 helmet "Jyefras" {rPois Str+4}
109795 | Coc:7    | Identified the +1 spear "Zowam" {freeze, rN+}
110252 | Crypt:1  | Entered Level 1 of the Crypt
110280 | Crypt:1  | Found a magical portal.
110290 | WizLab   | Entered Iskenderun's Mystic Tower
110513 | WizLab   | Identified the +8 pearl dragon scales "Fuumo" {+Inv rC+ rN+
                  | Dex+5 Stlth-}
110992 | Crypt:1  | Noticed Xtahua
110994 | Crypt:1  | Killed Xtahua
111363 | Crypt:1  | Identified the +5 short sword of the Warrior-Mage {flame,
                  | +Blink rC+ Dex-4}
112212 | Crypt:2  | Identified the +0 war axe of the Dove {heavy, Dex+2 Stlth+}
112864 | Crypt:2  | Found a basalt altar of Yredelemnul.
113305 | Crypt:3  | Entered Level 3 of the Crypt
113511 | Crypt:3  | Found the +8 demon blade "Leech" {evervamp, Harm Drain rN+}
114157 | Crypt:3  | Noticed Jory
114160 | Crypt:3  | Killed Jory
114277 | Crypt:3  | Noticed a dread lich
114279 | Crypt:3  | Killed a dread lich
114310 | Crypt:3  | Found a basalt altar of Yredelemnul.
114424 | Crypt:3  | Found a staircase to the Tomb.
115028 | Dis:1    | Entered Level 1 of the Iron City of Dis
115153 | Dis:1    | Noticed a dread lich
115155 | Dis:1    | Killed a dread lich
115177 | Dis:1    | Noticed a royal mummy
115182 | Dis:1    | Killed a royal mummy
115190 | Dis:1    | Noticed a royal mummy
115193 | Dis:1    | Killed a royal mummy
115193 | Dis:1    | Noticed a royal mummy
115199 | Dis:1    | Killed a royal mummy
115235 | Dis:1    | Noticed an ancient lich
115239 | Dis:1    | Killed an ancient lich
115244 | Dis:1    | Noticed an ancient lich
115246 | Dis:1    | Killed an ancient lich
115322 | Dis:1    | Noticed a royal mummy
115326 | Dis:1    | Killed a royal mummy
116728 | Dis:6    | Noticed a dread lich
116730 | Dis:6    | Killed a dread lich
116731 | Dis:6    | Reached skill level 24 in Earth Magic
117015 | Dis:7    | Entered Level 7 of the Iron City of Dis
117086 | Dis:7    | Reached skill level 25 in Earth Magic
118075 | Dis:7    | Noticed a juggernaut
118079 | Dis:7    | Killed a juggernaut
118092 | Dis:7    | Identified the +0 pair of boots "Osuhoomp" {Contam Str+3
                  | Slay+2}
118114 | Dis:7    | Identified the +1 ring mail of Music {SInv}
118298 | Dis:7    | Reached skill level 26 in Earth Magic
118710 | Dis:7    | Noticed the Serpent of Hell
118714 | Dis:7    | Killed the Serpent of Hell
118931 | Dis:7    | Noticed a juggernaut
118934 | Dis:7    | Killed a juggernaut
118952 | Dis:7    | Reached skill level 27 in Earth Magic
119016 | Dis:7    | Noticed Dispater
119024 | Dis:7    | Killed Dispater
119071 | Dis:7    | Got an iron rune of Zot
119072 | Dis:7    | Identified the +8 longbow of Bixusk {freeze, Dex+3}
119936 | Geh:1    | Entered Level 1 of Gehenna
119941 | Geh:1    | HP: 2/176 [salamander tyrant (44)]
119941 | Geh:1    | Killed from afar by a salamander tyrant

Illustrated notes

Levels and vault maps discovered:
D:1:      eino_arrival_cavern_d, layout_basic
D:2:      layout_loops_cross, minivault_5
D:3:      layout_rooms, mainiacjoe_overflow_chevrons,
          grunt_temple_overflow_diamond, gup_sewer_entry_glass
D:4:      layout_rooms, uniq_robin, uniq_duvessa, uniq_sigmund, uniq_pikel
D:5:      layout_loops_cross, grunt_qazlal_clouds, general_overflow_altar,
          temple_statues, ebering_ghost_sewer_f, serial_bayou_pond_d,
          kennysheep_generic_room_14
D:6:      layout_rooms, eino_tiny_chamber
D:7:      layout_layer_cave, amcnicky_altar_gilded, old_standard_altar,
          enter_ossuary_5, gammafunk_ghost_split
D:8:      layout_rooms, eat_drink_and_be_merry_uskayaw, enter_bailey_3,
          eino_small_chamber_without_monster
D:9:      layout_gridville, nzn_ghost_randoct
D:10:     layout_layer_cave, david_lair_shrubbed
D:11:     layout_loops_corners, elves_outpost_lemuel, uniq_josephine,
          uniq_maurice
D:12:     layout_cave_pools, david_orc_1_choice, ebering_ghost_funeral_grove,
          minmay_misc_feat_rugged
D:13:     giant_chief_lemuel, layout_rooms, grunt_vaults_entry_tiered,
          serial_shops, nicolae_square_shop, shop, nicolae_shop_hallway_stairs,
          shop, shop, nzn_random_ring, uniq_erolcha, uniq_frances
D:14:     layout_basic, chequers_serial_rivers_marsh, nicolae_stop_n_shop_1,
          xom_redecorated
D:15:     hangedman_depths_entry_try_elsewhere_first, layout_irregular_city,
          minmay_hedge_maze, fedhas_altar_3, uniq_louise
Temple:   nicolae_temple_ecumenical_triangle
Lair:1:   gammafunk_worm_tunnel, layout_regular_city, nicolae_lair_lil_pond,
          chequers_serial_rivers_marsh, small_statue_intersection, st_stairs_3,
          serial_bayou_shore_b, infiniplex_staircase_pool_2, lemuel_fruit_fields
Lair:2:   layout_cave_pods, skrybe_swamp_entry_bodies, grunt_megastairs_5,
          serial_bayou_shore_a
Lair:3:   layout_hall_layers, nicolae_spider_entry_lesser_pyramids,
          enter_volcano_3, uniq_nergalle, uniq_urug
Lair:4:   layout_long_grid, dpeg_slime_entry_corner, serial_rivers,
          chequers_serial_rivers_micro_d, chequers_serial_rivers_micro_b,
          chequers_serial_rivers_room_a, chequers_serial_rivers_micro_c,
          chequers_serial_rivers_large_b
Lair:5:   grunt_lair_end_beastmaster, layout_loops_ring, st_stairs_3,
          nicolae_lair_lakeside_cave, uniq_kirke
Swamp:1:  nicolae_swamp_decorative_isthmus, layout_falls_marsh,
          evilmike_swamp_ruin_house_3, swamp_pool3, nicolae_swamp_baby_hydras
Swamp:2:  layout_basic_swamp, hangedman_swamp_pad, swamp_pool5
Swamp:3:  layout_falls_marsh, nicolae_swamp_well_well_well, swamp_pool4
Swamp:4:  byrel_swamp_growth_death_and_undeath, layout_basic_swamp
Spider:1: layout_spider_delve, einodemon_crawler_minivault
Spider:2: layout_chambers
Spider:3: layout_cave_pods
Spider:4: johnstein_spider_rune_arachne_lair
Slime:1:  cheibrodos_slime_lost_civilization_8, layout_caves
Slime:2:  layout_caves
Slime:3:  layout_caves
Slime:4:  layout_caves, dissolution_awaits
Slime:5:  slime_pit_nicolae_jellycorners
Orc:1:    layout_caves
Orc:2:    grunt_orc_community_town_hall, layout_caves,
          grunt_orc_community_big_house_2, grunt_orc_community_big_house_1,
          grunt_orc_community_house_3, grunt_orc_community_house_1,
          grunt_orc_community_house_2, grunt_orc_community_house_2,
          grunt_orc_community_house_3, grunt_orc_community_house_1,
          serial_shops, shop
Elf:1:    layout_gridlike, minmay_elf_crystal_heptagon, uniq_azrael, uniq_nikola
Elf:2:    elven_hall_of_blades_hangedman_original
          [nicolae_blade_entry_floor_patterns], layout_geoelf_diagonals,
          serial_shops, shop, special_room [special_room_mythical_zoo],
          minmay_misc_feat_cross
Elf:3:    minmay_elf_hall_curves, layout_loops_corners, serial_shops,
          nicolae_shop_hallway_plus, minmay_shop_grove
Vaults:1: nicolae_vaults_tangram_2, dpeg_vaults_monster_box,
          grunt_vaults_funneled_arena, nicolae_vaults_trapezoid_lopsided_3,
          v_misc_4, v_misc_12, ontoclasm_vaults_tryst,
          nicolae_vaults_back_hallway, nicolae_vaults_tangram_2,
          vaults_room_door_hall, ontoclasm_vaults_ligature,
          vaults_dpeg_diagonal, nicolae_vaults_wrenched, hangedman_vaults_slice,
          ontoclasm_vaults_loading_screen, nicolae_vaults_tetromino_T_2,
          layout_vaults_omnibox, serial_shops, shop, uniq_asterion, uniq_norris
Vaults:2: nicolae_vaults_shrinking_rooms_1, vaults_mumra_lcd, v_misc_4,
          vaults_dpeg_ring, v_misc_1, hangedman_vaults_slice, v_misc_25,
          grunt_vaults_focal, nicolae_vaults_six-pack, nicolae_vaults_gold_heap,
          layout_vaults_quadrants, dummy_crypt_entry, uniq_margery
Vaults:3: ontoclasm_vaults_gallery, nicolae_vaults_more_shelving_1, v_misc_5,
          hangedman_vaults_locks, nicolae_vaults_cochlea, v_misc_30,
          vaults_room_fours, nicolae_vaults_sesquioval_fish,
          nicolae_vaults_tetromino_Z_2, ontoclasm_vaults_decontamination,
          vaults_dpeg_emergency_exit, layout_vaults_chaotic_city, serial_shops,
          nicolae_shop_statue_plus
Vaults:4: vaults_mumra_minichess_inversion, hangedman_vaults_stream,
          ontoclasm_vaults_claustrophobia, nicolae_vaults_what_the_h,
          nicolae_vaults_trapezoid_lopsided_2, nicolae_vaults_circle_grid_b,
          nicolae_vaults_specimen_jars, nicolae_vaults_little_squares_5,
          v_misc_16, nicolae_vaults_trapezoid_2,
          nicolae_vaults_little_squares_6, layout_vaults_maze_snakey
Vaults:5: uniq_boris
Crypt:1:  layout_regular_city, mu_enter_wizlab_4, grunt_crypt_arrival_split,
          uniq_xtahua
Crypt:2:  gammafunk_crypt_yreds_forest, layout_rooms, minivault_25
Crypt:3:  cryptofortress_bobbens, uniq_jory
Depths:1: layout_cross, serial_bayou_ford_a, hellmouth_1, serial_shops, shop,
          nicolae_barding_shop
Depths:2: evilmike_library_of_no_secrets, layout_cave_shapes,
          pf_hell_entry_tar_spiral, serial_hangedman_research,
          hangedman_research_electronics, hangedman_research_geology,
          hangedman_research_pyrotechnics, hangedman_research_probablistics,
          hangedman_research_convocations, hangedman_research_thermodynamics,
          grunt_decor_resistance, serial_shops, nicolae_shop_real_fake_doors,
          grunt_pan_entry_in_and_out, st_stairs_2,
          serial_sigils_hangedman_quiver, uniq_josephina
Depths:3: minmay_guarded_unrand_majin_bo, layout_small_grid, enter_ziggurat_e,
          abyss_entry, chequers_serial_rivers_small_b, pf_coc_iceberg,
          nicolae_shop_i_like_small_books_too, minmay_staircase_statues
Depths:4: evilmike_zot_entry_basic, layout_gridlike, hell_entry,
          nemelex_lonely_heart_becter, abyss_entry, lightli_corner_chamber,
          uniq_grunn
Hell
Dis:1:    layout_subdivisions, lemuel_mystery_crypt
Dis:2:    layout_regular_city
Dis:3:    layout_jigsaw, serial_glass, glass_columns_a, glass_columns_a,
          nicolae_dis_big_boring_drill
Dis:4:    layout_subdivisions
Dis:5:    layout_gridville
Dis:6:    layout_regular_city, nicolae_dis_metal_lava_thing
Dis:7:    dis_st
Geh:1:    hangedman_generic_boss_arena
Coc:1:    layout_cocytus_water_paths
Coc:2:    layout_cocytus_water_paths
Coc:3:    layout_cocytus_water_paths
Coc:4:    layout_cocytus_water_paths
Coc:5:    layout_ice_bergs
Coc:6:    layout_ice_bergs
Coc:7:    coc_grunt_cove [coc_grunt_cove_antaeus, coc_grunt_cove_fiend,
          coc_grunt_cove_fiend, coc_grunt_cove_fiend, coc_grunt_cove_fiend]
Zot:1:    layout_misc_corridors, regret_index_zotdec_ex
Zot:2:    layout_basic, uniq_tiamat
Zot:3:    lemuel_firehouse, layout_onion_interference, lemuel_elevator
Zot:4:    layout_twisted_circle, regret_index_zotdec_onion_hex,
          gammafunk_ghost_necromancy
Zot:5:    layout_twisted_circle, nicolae_shop_clearance

Skill      XL: |  1  2  3  4  5  6  7  8  9 10 11 12 13 14 15 16 17 18 19 20 21 22 23 24 25 26 27 |
---------------+----------------------------------------------------------------------------------+-----
Conjurations   | 2 3 4 5 6 7 9 10 12 13 14 16 18 20 22 23 | 23.0
Fire Magic     | 4 5 6 7 8 9 11 12 13 15 16 17 18 20 22 23 | 23.0
Spellcasting   | 4 5 6 8 9 10 11 12 14 18 20 21 22 23 25 | 25.4
Fighting       | 1 2 3 4 5 6 7 8 10 11 12 14 15 16 18 25 | 25.1
Evocations     | 2 3 4 6 7 8 9 10 13 22 | 22.0
Dodging        | 3 4 5 6 7 8 9 11 13 14 15 18 20 25 | 25.3
Shields        | 2 5 |  5.0
Earth Magic    | 4 10 16 20 27 | 27.0
Armour         | 4 6 11 | 11.0
Air Magic      | 7 10 23 | 23.0
Stealth        | 15 | 15.0
Shapeshifting  | 23 | 23.0

Action                     |  1- 3 |  4- 6 |  7- 9 | 10-12 | 13-15 | 16-18 | 19-21 | 22-24 | 25-27 || total
---------------------------+-------+-------+-------+-------+-------+-------+-------+-------+-------++-------
  Melee: Short sword       |     1 |     1 |       |       |       |       |       |       |       ||     2
         Battleaxe         |       |       |     1 |    15 |       |       |       |       |       ||    16
         Staff             |       |       |       |     9 |    42 |    33 |    41 |     5 |    33 ||   163
         Headbutt          |       |       |       |       |       |       |       |       |    16 ||    16
   Cast: Foxfire           |    91 |    84 |   190 |   333 |   239 |       |       |       |       ||   937
         Scorch            |     2 |    26 |    47 |    76 |    93 |       |       |       |     2 ||   246
         Inner Flame       |       |       |     6 |    10 |     2 |       |       |       |       ||    18
         Flame Wave        |       |       |     1 |    43 |    61 |       |       |       |       ||   105
         Lee's Rapid Decon |       |       |       |    14 |   137 |    81 |     4 |       |    49 ||   285
         Sticky Flame      |       |       |       |       |    34 |       |       |       |       ||    34
         Starburst         |       |       |       |       |    91 |   326 |   238 |    29 |    10 ||   694
         Ignition          |       |       |       |       |       |   130 |   139 |    12 |   101 ||   382
         Orb of Destructio |       |       |       |       |       |     8 |     7 |       |     3 ||    18
         Lehudib's Crystal |       |       |       |       |       |    33 |    16 |    61 |   320 ||   430
         Fire Storm        |       |       |       |       |       |       |   168 |   340 |   928 ||  1436
         Shatter           |       |       |       |       |       |       |       |       |   442 ||   442
         Chain Lightning   |       |       |       |       |       |       |       |       |    62 ||    62
         Maxwell's Capacit |       |       |       |       |       |       |       |       |     8 ||     8
  Evoke: Wand              |       |       |       |     1 |    10 |    12 |    10 |     1 |    35 ||    69
         Condenser vane    |       |       |       |       |       |     1 |       |       |       ||     1
         Phantom mirror    |       |       |       |       |       |       |       |       |     2 ||     2
    Use: Scroll            |     5 |     1 |     9 |     4 |    10 |     2 |    10 |     5 |    17 ||    63
         Potion            |       |     2 |     3 |     3 |     7 |     8 |     4 |     2 |    35 ||    64
 Armour: Robe              |    15 |    17 |    45 |   105 |   190 |       |       |       |       ||   372
         Skin              |       |       |       |     7 |       |       |       |       |       ||     7
         Steam dragon scal |       |       |       |       |     3 |   125 |    94 |    54 |   247 ||   523
  Dodge: Dodged            |    13 |    19 |    21 |    95 |   135 |   140 |   118 |    60 |   364 ||   965
  Block: Other             |       |       |    11 |    27 |       |       |       |       |       ||    38
         Reflection        |       |       |     1 |     3 |    29 |    22 |     5 |       |       ||    60
         Buckler           |       |       |       |    17 |   152 |   103 |    79 |     7 |       ||   358
         Orb               |       |       |       |       |       |       |       |     8 |       ||     8
Riposte: Staff             |       |       |       |       |       |       |       |       |    26 ||    26

Table legend: (Time is in decaauts)
 A = Elapsed time spent in this place.
 B = Non-inter-level travel time spent in this place.
 C = Inter-level travel time spent in this place.
 D = Time resting spent in this place.
 E = Time spent auto-exploring this place.
 F = Levels seen in this place.
 G = Mean time per level.
                   A        B        C        D        E       F      G
               +--------+--------+--------+--------+--------+-----+--------+
         Total | 120203 | 110568 |   9635 |  53162 |  34381 | 132 |  910.6 |
       Dungeon |  21671 |  18594 |   3077 |   6944 |   8076 |  15 | 1444.7 |
        Temple |     27 |      9 |     18 |      0 |      0 |   1 |   27.0 |
          Lair |  10380 |   9385 |    995 |   4224 |   3382 |   5 | 2076.0 |
         Swamp |   5070 |   4933 |    137 |   2533 |   1562 |   4 | 1267.5 |
   Spider Nest |   6745 |   6426 |    319 |   2950 |   2275 |   4 | 1686.2 |
    Slime Pits |   3146 |   3019 |    127 |   2182 |    227 |   5 |  629.2 |
  Orcish Mines |   2401 |   2017 |    384 |    744 |    811 |   2 | 1200.5 |
   Elven Halls |   5717 |   5316 |    401 |   2752 |   1819 |   3 | 1905.7 |
        Vaults |  12563 |  11005 |   1558 |   5054 |   4430 |   5 | 2512.6 |
         Crypt |   4053 |   3857 |    196 |   1519 |   1587 |   3 | 1351.0 |
        Depths |   8412 |   7145 |   1267 |   3926 |   2333 |   4 | 2103.0 |
          Hell |    705 |    617 |     88 |    219 |    288 |   1 |  705.0 |
           Dis |   4882 |   4789 |     93 |   2558 |   1446 |   7 |  697.4 |
       Gehenna |      4 |      4 |      0 |      0 |      0 |   1 |    4.0 |
       Cocytus |   5326 |   5081 |    245 |   3364 |    856 |   7 |  760.9 |
           Zot |   7523 |   6798 |    725 |   3138 |   2709 |   5 | 1504.6 |
         Abyss |    637 |    637 |      0 |     94 |     15 |   8 |   79.6 |
   Pandemonium |  14768 |  14768 |      0 |   8423 |   1650 |  22 |  671.3 |
      Ziggurat |   3466 |   3466 |      0 |   1169 |    471 |  25 |  138.6 |
         Sewer |    359 |    359 |      0 |    186 |     75 |   1 |  359.0 |
       Ossuary |    505 |    505 |      0 |    280 |     62 |   1 |  505.0 |
        Bailey |    672 |    672 |      0 |    412 |     83 |   1 |  672.0 |
       Volcano |    693 |    693 |      0 |    340 |     13 |   1 |  693.0 |
        Wizlab |    465 |    465 |      0 |    149 |    209 |   1 |  465.0 |
               +--------+--------+--------+--------+--------+-----+--------+

Top non-repeatable levels by time:
    D:13: 3749 daAuts
Vaults:1: 3435 daAuts
Depths:2: 3385 daAuts
   Dis:7: 2885 daAuts
Vaults:3: 2706 daAuts
  Lair:5: 2632 daAuts
Vaults:2: 2626 daAuts
   Coc:7: 2616 daAuts
  Lair:4: 2565 daAuts
   Elf:3: 2557 daAuts
 Swamp:4: 2420 daAuts
    D:15: 2409 daAuts
    D:11: 2186 daAuts
Spider:4: 2133 daAuts
   Zot:5: 2132 daAuts
